 Dungeon Crawl Stone Soup version 0.30-a0-575-g6f4a10e2d2 (webtiles) character file.

Game seed: 13880951786473567661

17336094 RepoMan the Demonspawn of Death (level 27, 436/436 HPs)
             Began as a Demonspawn Fighter on Dec 28, 2022.
             Was the Champion of Wu Jian.
             Escaped with the Orb
             ... and 15 runes on Dec 30, 2022!
             The game lasted 10:43:57 (89234 turns).

RepoMan the Demonspawn of Death (DsFi)             Turns: 89234, Time: 10:43:58

Health: 436/436    AC: 37    Str: 32    XL:     27
Magic:  34/42      EV: 22    Int: 14    God:    Wu Jian [******]
Gold:   7482       SH: 24    Dex: 21    Spells: 10/65 levels left

rFire   + + +      SeeInvis .      - Unarmed
rCold   + + +      Faith    .    V - +5 kite shield {AC+3}
rNeg    + + +      Spirit   .    (body armour currently unavailable)
rPois   ∞          Reflect  .    w - +0 hat of Seonum {rC+++ rCorr Str-2 Slay+2}
rElec   +          Harm     .    Q - +2 cloak of Oqidarr {rF+}
rCorr   +          Rampage  .    (gloves unavailable)
Will    +++++                    (boots currently unavailable) Stlth
                                 A - amulet of regeneration
HPRegen 1.72/turn                a - ring "Koyn" {Fly rF+ Str+6 Int+2}
MPRegen 0.28/turn                O - ring "Jorgha" {Contam rElec rN+++ Will+++ Str+6 Stlth+}

@: berserking, statue-form, wereblooded, flying, studying 2 skills
A: slow and powerful, torment resistance 1, boosted hp, claws 3, yellow scales
3, foul stench 3, powered by pain 3, black mark, bedeviling, aura of silence,
agile 1, fire resistance 1, frail 1, low MP 1, strong-willed 1, electricity
resistance
0: Orb of Zot
}: 15/15 runes: decaying, serpentine, slimy, silver, golden, iron, obsidian,
icy, bone, abyssal, demonic, glowing, magical, fiery, dark
a: End Transformation, Renounce Religion, Wall Jump, Serpent's Lash, Heavenly
Storm


You escaped.
You worshipped Wu Jian.
Wu Jian was exalted by your worship.
You were a living statue of rough stone.
You visited 18 branches of the dungeon, and saw 88 of its levels.
You visited Pandemonium 4 times, and saw 20 of its levels.
You visited the Abyss 1 time.
You visited 1 ziggurat, and saw 9 of its levels.
You also visited: Sewer, Ossuary, Bailey, Gauntlet, Ice Cave and Wizlab.

You collected 14815 gold pieces.
You spent 7333 gold pieces at shops.

Inventory:

Missiles
 P - 2 throwing nets
Armour
 l - the +5 robe of Night (melded) {Dark Will+ SInv}
   (You found it on level 4 of the Vaults)

   It shrouds the wearer in darkness, reducing the range at which they can see
   and be seen by others.
   SInv:      It lets you see invisible.
   Will:      It increases your willpower.
 r - the +0 pair of boots "Qiucawil" (melded) {rC+ Will+ Int+3 Dex-5}
   (You found it on level 2 of the Depths)

   Int:       It affects your intelligence (+3).
   Dex:       It affects your dexterity (-5).
   rC:        It protects you from cold.
   Will:      It increases your willpower.
 v - the +10 tower shield of Ignorance {rN+ Int-4}
   (You found it on level 9 of a ziggurat)

   Int:       It affects your intelligence (-4).
   rN:        It protects you from negative energy.
 w - the +0 hat of Seonum (worn) {rC+++ rCorr Str-2 Slay+2}
   (You found it in a wizard's laboratory)

   Str:       It affects your strength (-2).
   Slay:      It affects your accuracy & damage with ranged weapons and melee
   (+2).
   rC:        It renders you almost immune to cold.
   rCorr:     It protects you from acid and corrosion.
 Q - the +2 cloak of Oqidarr (worn) {rF+}
   (You bought it in a shop on level 2 of the Orcish Mines)

   rF:        It protects you from fire.
 S - the +3 hat of Elaosuff {Str+6 Int+4}
   (You found it in a wizard's laboratory)

   Str:       It affects your strength (+6).
   Int:       It affects your intelligence (+4).
 V - a +5 kite shield of protection (worn)
Magical Staves
 e - a staff of earth
Jewellery
 a - the ring "Koyn" (left claw) {Fly rF+ Str+6 Int+2}
   (You bought it in a shop on level 9 of the Dungeon)

   [ring of strength]

   Str:       It affects your strength (+6).
   Int:       It affects your intelligence (+2).
   rF:        It protects you from fire.
   Fly:       It grants you flight.
 g - the ring of Shadows {Umbra +Inv Stlth+}
   (You found it in an ice cave)

   [ring of stealth]

   It surrounds you with an aura of shadow, increasing your stealth and reducing
   the accuracy of all others within it.
   +Inv:      It lets you turn invisible.
   Stlth:     It makes you more stealthy.
 p - a ring of see invisible
 y - a ring of protection from fire
 A - an amulet of regeneration (around neck)
 O - the ring "Jorgha" (right claw) {Contam rElec rN+++ Will+++ Str+6 Stlth+}
   (You bought it in a shop on level 9 of the Dungeon)

   [ring of strength]

   Str:       It affects your strength (+6).
   rElec:     It insulates you from electricity.
   rN:        It renders you almost immune to negative energy.
   Contam:    It causes magical contamination when unequipped.
   Will:      It greatly increases your willpower.
   Stlth:     It makes you more stealthy.
Wands
 c - a wand of flame (79)
 u - a wand of mindburst (72)
 z - a wand of digging (29)
 I - a wand of light (31)
 L - a wand of charming (47)
 M - a wand of roots (47)
Scrolls
 d - 14 scrolls of fog
 f - 6 scrolls of enchant armour
 m - 25 scrolls of teleportation
 C - 7 scrolls of immolation
 D - a scroll of summoning
 J - 4 scrolls of blinking
 K - 4 scrolls of magic mapping
 U - 7 scrolls of poison
 W - 10 scrolls of silence
 Y - 15 scrolls of vulnerability
 Z - 7 scrolls of fear
Potions
 h - 5 potions of cancellation
 i - 2 potions of invisibility
 j - 6 potions of heal wounds
 o - 5 potions of mutation
 q - 8 potions of brilliance
 t - 2 potions of berserk rage
 x - 10 potions of magic
 F - a potion of haste
 G - 8 potions of might
 H - 3 potions of resistance
 N - 6 potions of lignification
 T - 30 potions of curing
 X - 11 potions of flight
Miscellaneous
 b - a condenser vane
 k - a phantom mirror
 n - a phial of floods
 s - a lightning rod (4/4)
 B - a box of beasts
 R - a tin of tremorstones (2/2)


   Skills:
 O Level 27 Fighting
 - Level 7.7 Axes
 - Level 2.6 Armour
 - Level 13.3 Dodging
 - Level 3.3 Stealth
 + Level 25.5 Shields
 - Level 26.6 Unarmed Combat
 - Level 19.9 Spellcasting
 - Level 6.6 Hexes
 O Level 27 Necromancy
 - Level 9.9 Translocations
 - Level 19.9 Transmutations
 - Level 3.3 Air Magic
 - Level 19.9 Earth Magic
 - Level 9.9 Evocations


You had 10 spell levels left.
You knew the following spells:

 Your Spells              Type           Power      Damage    Failure   Level
a - Manifold Assault      Tloc           41%        N/A       1%          4
b - Blink                 Tloc           82%        N/A       1%          2
g - Apportation           Tloc           82%        N/A       1%          1
l - Lesser Beckoning      Tloc           82%        N/A       1%          3
p - Passwall              Tmut/Erth      51%        N/A       0%          2
s - Statue Form           Tmut/Erth      41%        N/A       1%          6
v - Vhi's Electric Charg  Tloc/Air       64%        N/A       1%          3
w - Wereblood             Tmut           62%        N/A       0%          2
x - Borgnjor's Vile Clut  Necr/Erth      34%        N/A       0%          5
y - Yara's Violent Unrav  Hex/Tmut       33%        3d14      1%          5
D - Death's Door          Necr           37%        N/A       6%          9
R - Borgnjor's Revivific  Necr           37%        N/A       1%          8
X - Irradiate             Conj/Tmut      20%        3d18      1%          5

Your spell library contained the following spells:

 Spells                   Type           Power      Damage    Failure   Level
 Beastly Appendage        Tmut           100%       N/A       0%          1
 Kiss of Death            Conj/Necr      100%       2d13      0%          1
 Necrotise                Necr           100%       1d9       0%          1
 Sandblast                Erth           100%       2d20      0%          1
 Sublimation of Blood     Necr           74%        N/A       0%          2
 Vampiric Draining        Necr           74%        2d11      0%          3
 Animate Dead             Necr           74%        N/A       0%          4
 Dispel Undead            Necr           74%        3d25      0%          4
 Petrify                  Tmut/Erth      62%        N/A       0%          4
 Agony                    Necr           74%        N/A       0%          5
 Shock                    Conj/Air       72%        1d7       1%          1
 Slow                     Hex            100%       N/A       1%          1
 Sting                    Tmut/Pois      100%       1d8       1%          1
 Cigotuvi's Dreadful Rot  Necr/Pois/Air  84%        N/A       1%          2
 Ensorcelled Hibernation  Hex/Ice        68%        N/A       1%          2
 Momentum Strike          Conj/Tloc      54%        3d9       1%          2
 Confusing Touch          Hex            48%        N/A       1%          3
 Gell's Gravitas          Tloc           41%        N/A       1%          3
 Ignite Poison            Fire/Tmut/Pois 32%        N/A       1%          3
 Kindle Blastsparks       Fire/Tloc/Air  52%        2d14      1%          3
 Portal Projectile        Hex/Tloc       100%       N/A       1%          3
 Spider Form              Tmut/Pois      41%        N/A       1%          3
 Stone Arrow              Conj/Erth      82%        3d12      1%          3
 Teleport Other           Tloc           41%        N/A       1%          3
 Tukima's Dance           Hex            48%        N/A       1%          3
 Anguish                  Hex/Necr       37%        N/A       1%          4
 Animate Armour           Summ/Erth      82%        N/A       1%          4
 Ice Form                 Ice/Tmut       41%        N/A       1%          4
 Leda's Liquefaction      Hex/Erth       33%        N/A       1%          4
 Passage of Golubria      Tloc           41%        N/A       1%          4
 Alistair's Intoxication  Tmut/Pois      27%        N/A       1%          5
 Blade Hands              Tmut           31%        N/A       1%          5
 Dragon Form              Tmut           31%        N/A       1%          7
 Infestation              Necr           37%        N/A       1%          8
 Necromutation            Tmut/Necr      34%        N/A       1%          8
 Cause Fear               Hex            24%        N/A       2%          4
 Simulacrum               Ice/Necr       25%        N/A       2%          6
 Poisonous Vapours        Pois/Air       36%        N/A       3%          2
 Static Discharge         Conj/Air       36%        2-4/arc   3%          2
 Dazzling Flash           Conj/Hex       68%        N/A       3%          3
 Inner Flame              Hex/Fire       34%        N/A       3%          3
 Summon Guardian Golem    Hex/Summ       34%        N/A       3%          3
 Swiftness                Air            23%        N/A       3%          3
 Foxfire                  Conj/Fire      52%        2x1d6     4%          1
 Magic Dart               Conj           52%        1d5       4%          1
 Summon Small Mammal      Summ           52%        N/A       4%          1
 Call Imp                 Summ           13%        N/A       6%          2
 Scorch                   Fire           26%        2d6       6%          2
 Mephitic Cloud           Conj/Pois/Air  17%        N/A       8%          3
 Airstrike                Air            11%        2d(2-18)  11%         4
 Fulminant Prism          Conj/Hex       17%        3d10      11%         4
 Dispersal                Tloc           20%        N/A       11%         6
 Eringya's Noxious Bog    Tmut/Pois      20%        N/A       11%         6
 Iron Shot                Conj/Erth      20%        9d5       11%         6
 Call Canine Familiar     Summ           13%        N/A       12%         3
 Frozen Ramparts          Ice            26%        1d4       12%         3
 Ozocubu's Armour         Ice            13%        N/A       12%         3
 Summon Forest            Summ/Tloc      13%        N/A       14%         5
 Haunt                    Necr/Summ      25%        N/A       14%         7
 Summon Lightning Spire   Summ/Air       18%        N/A       21%         4
 Metabolic Englaciation   Hex/Ice        17%        N/A       28%         5
 Summon Mana Viper        Hex/Summ       34%        N/A       28%         5
 Storm Form               Tmut/Air       23%        N/A       30%         7
 Flame Wave               Conj/Fire      13%        2d6       38%         4
 Olgreb's Toxic Radiance  Pois           13%        N/A       38%         4
 Sticky Flame             Conj/Fire      13%        2d4       38%         4
 Summon Ice Beast         Ice/Summ       13%        N/A       38%         4
 Arcjolt                  Conj/Air       9%         1d19      50%         5
 Freezing Cloud           Conj/Ice/Air   8%         6-21      58%         5
 Fireball                 Conj/Fire      6%         3d5       75%         5
 Iskenderun's Battlesphe  Conj           13%        2d7       75%         5
 Enfeeble                 Hex            24%        N/A       93%         7
 Conjure Ball Lightning   Conj/Air       9%         3x3d7     97%         6
 Starburst                Conj/Fire      6%         6d4       99%         6
 Summon Cactus Giant      Summ           6%         N/A       99%         6
 Malign Gateway           Summ/Tloc      13%        N/A       99%         7
 Disjunction              Tloc           20%        N/A       99%         8
 Lehudib's Crystal Spear  Conj/Erth      20%        10d6      99%         8
 Monstrous Menagerie      Summ           6%         N/A       100%        7
 Orb of Destruction       Conj           6%         9d6       100%        7
 Ozocubu's Refrigeration  Ice            6%         4d8       100%        7
 Spellforged Servitor     Conj/Summ      6%         N/A       100%        7
 Summon Hydra             Summ           6%         N/A       100%        7
 Discord                  Hex            24%        N/A       100%        8
 Ignition                 Fire           6%         3d4       100%        8
 Maxwell's Capacitive Co  Air            11%        ∞         100%        8
 Summon Horrible Things   Summ           6%         N/A       100%        8
 Polar Vortex             Ice            6%         N/A       100%        9


Dungeon Overview and Level Annotations

Branches:
Dungeon (15/15)            Temple (1/1) D:7            Lair (5/5) D:11
  Swamp (4/4) Lair:2        Snake (4/4) Lair:2        Slime (5/5) Lair:5
    Orc (2/2) D:9             Elf (3/3) Orc:2        Vaults (5/5) D:13
  Crypt (3/3) Vaults:2       Tomb (3/3) Crypt:3      Depths (4/4) D:15
   Hell (visited)             Dis (7/7) Hell            Geh (7/7) Hell
    Coc (7/7) Hell            Tar (7/7) Hell            Zot (5/5) Depths:4
  Sewer (visited)         Ossuary (visited)          Bailey (visited)
  IceCv (visited)          WizLab (visited)         Gauntlet (visited)

Altars:
Ashenzari
Cheibriados
Dithmenos
Fedhas
Gozag
Hepliaklqana
Kikubaaqudgha
Makhleb
Nemelex Xobeh
Okawaru
Qazlal
Ru
Sif Muna
Trog
Uskayaw
Vehumet
Wu Jian
Xom
Yredelemnul
Jiyva

Shops:
D:3 :   D:9 =:   Orc:2 [:?((   Elf:2 :   Snake:1 =   Vaults:3 =   Vaults:4 (
Vaults:5 !!!

Portals:
Hell: Depths:1 Depths:2 Depths:3 Depths:4
Abyss: Swamp:2 Depths:3 Depths:4
Pandemonium: Depths:1 Depths:2


Innate Abilities, Weirdness & Mutations

You are a living statue of rough stone.
Your actions are slow, but your melee attacks are powerful.
You are resistant to unholy torment.
Your maximum health is greatly increased.
You are immune to poison.
Your equipment is partially melded.
You have claws for hands.
(You are completely covered in yellow scales. (AC +4, rCorr))
You frequently emit foul miasma when damaged in melee.
You are powered by pain.
Your melee attacks may debilitate your foes.
Your hexes are more powerful.
You are surrounded by an aura of silence.
You are agile. (Dex +4, Str/Int -1)
Your flesh is heat resistant. (rF+)
You are frail. (-10% HP)
Your magical capacity is low. (-10% MP)
You are strong-willed. (Will+)
You are resistant to electric shocks. (rElec)


Message History

You see here a +0 dagger.
There is a stone staircase leading up here.
You fly upwards.
The goblin shouts!
There is a stone staircase leading down here.
You eviscerate the goblin!!!
You kill the goblin!
The Council accepts your kill.
Blink to where?
Press: ? - help, Dir - move target
As you read the scroll of blinking, it crumbles to dust.
You fly upwards.
There is a stone staircase leading down here.
Casting: Passwall (safe; 0% risk of failure)
Confirm with . or Enter, or press ? or * to list all spells.
Aiming: Passwall (safe; 0% risk of failure)
Press: ? - help, Dir - move target A rock wall.
This square is shrouded in silence and is covered in magical glow.
You begin to meditate on the wall.
You continue meditating on the rock. x2
You finish merging with the rock.
Blink to where?
Press: ? - help, Dir - move target
As you read the scroll of blinking, it crumbles to dust.
e - a staff of earth (weapon)
Casting: Passwall (safe; 0% risk of failure)
Confirm with . or Enter, or press ? or * to list all spells.
Your blood is infused with primal strength.
Casting: Wereblood (safe; 0% risk of failure)
Confirm with . or Enter, or press ? or * to list all spells.
You feel a surge of power!
You turn into a living statue of rough stone.
The +0 pair of boots "Qiucawil" {rC+ Will+ Int+3 Dex-5} melds into your body.
The +5 robe of Night {Dark Will+ SInv} melds into your body.
The light returns to your surroundings.
You are now empty-clawed.
A red film seems to cover your vision as you go berserk!
You feel yourself moving faster!
You feel mighty!
You feel a strong urge to attack something.
You have escaped!

######### #.......###############
..#####......>........#####
###...#######.............#######
#.......## #########.###.#......
.........######...###..##.#.####.
....⌠......##.......##.##.#.#....
.........##..........#.##.#.#....
#.......####....8....#.##.#.####.
###...### #...[.....#.##.#....#.
####.### ##.......##.##.####.#. #
###...######...####.##.# #.#. #
##.......######### #.##.# #.#. #
#...........#....###.##.# #.## #
#....⌠....##...#...#.##.# #...
###.........######..##.##.# ####
.###.......##....#...#..#.#######


There were no monsters in sight!

Vanquished Creatures
  Cerebov (Pan)
  Antaeus (Coc:7)
  Asmodeus (Geh:7)
  the Royal Jelly (Slime:5)
  Ereshkigal (Tar:7)
  Gloorx Vloq (Pan)
  A seraph (Pan)
  Lom Lobon (Pan)
  the Serpent of Hell (Tar:7)
  5 dread liches
  Mnoleg (Pan)
  Dispater (Dis:7)
  4 orbs of fire (Zot:5)
  9 ancient liches
  4 juggernauts
  12 royal mummies
  Sojobo (Crypt:1)
  5 Killer Klowns (Zot:5)
  Frederick (Vaults:2)
  8 pandemonium lords
  Vashnia (Snake:2)
  Bai Suzhen (Snake:3)
  33 shard shrikes
  Geryon (Hell)
  26 caustic shrikes
  Nikola (Depths:1)
  7 curse toes
  6 profane servitors
  the Enchantress (Depths:1)
  8 golden dragons
  13 bone dragons
  12 Tzitzimimeh
  12 doom hounds
  9 iron giants
  20 Brimstone Fiends
  11 hellephants
  2 electric golems (Zot:5)
  A walking crystal tome (Zot:1)
  21 Ice Fiends
  24 Hell Sentinels
  19 tentacled monstrosities
  16 tainted leviathans
  10 liches
  5 deep elf blademasters
  25 Orb Guardians (Zot:5)
  2 walking divine tomes (Zot:1)
  30 searing wretches
  Rupert (Orc:2)
  18 acid blobs
  7 quicksilver dragons
  Grunn (Depths:2)
  19 titans
  A walking earthen tome (WizLab)
  A kraken (Abyss:3)
  3 deep elf master archers (Elf:3)
  17 Executioners
  Gastronok (D:9)
  24 ancient champions
  Frances (Swamp:1)
  4 tentacled starspawn
  8 death cobs
  3 thorn hunters (Swamp:4)
  12 sphinxes
  An eldritch tentacle (Pan)
  8 shadow dragons
  Donald (Swamp:1)
  15 storm dragons
  6 nagarajas
  A daeva (Pan)
  10 tengu reavers
  A strange machine (WizLab)
  4 fenstrider witches
  The ghost of M4edhros the Black Belt, an adept OpAr of Cheibriados (Swamp:3)
  8 deep elf sorcerers
  8 revenants
  22 narguns
  13 azure jellies
  Roxanne (Swamp:2)
  8 rockslimes
  3 demonspawn warmongers
  6 draconian monks
  7 draconian knights
  28 fire giants
  4 iron dragons
  A ghost moth (Zot:4)
  39 balrugs
  7 quicksilver elementals
  Louise (D:15)
  9 frost giants
  20 vault wardens
  18 cacodemons
  9 shard shrike simulacra
  5 draconian stormcallers
  Aizul (Snake:3)
  4 draconian shifters
  12 ghouls
  4 deep elf elementalists
  A juggernaut zombie (Hell)
  The ghost of Xenipam the Worldbinder, a journeyman BaSu of Hepliaklqana (Swamp:2)
  7 angels (Pan)
  9 curse skulls
  7 draconian annihilators
  3 spectral caustic shrikes
  A caustic shrike zombie (Hell)
  2 spriggan defenders (Depths:1)
  8 draconian scorchers
  2 demonspawn blood saints
  18 ironbound preservers
  5 demonspawn corrupters (Pan)
  39 very ugly things
  3 orc warlords
  11 quicksilver oozes
  17 war gargoyles
  A juggernaut skeleton (Crypt:1)
  6 ophanim (Pan)
  10 ironbound thunderhulks
  9 reapers
  9 green draconians
  12 stone giants
  23 red draconians
  15 elemental wellsprings
  6 putrid mouths
  5 demonspawn black suns
  4 eleionomae
  5 lorocyprocas (Pan)
  2 bennus (Tomb:2)
  7 apis (Pan)
  4 bunyips
  A minotaur (Gauntlet)
  16 white draconians
  6 vampire knights
  5 deep elf annihilators
  9 dire elephants
  16 purple draconians
  8 deep elf demonologists
  16 black draconians
  A spectral titan (Tar:2)
  20 wendigos
  12 yellow draconians
  18 green deaths
  The ghost of Smoky173 the Fighter, a journeyman HOMo of Beogh (D:11)
  17 iron golems
  12 deep elf death magi
  6 ettins
  2 spectral spriggans (Tar:2)
  3 eidola
  A shambling mangrove (Abyss:3)
  19 blizzard demons
  10 spark wasps
  An entropy weaver (Vaults:5)
  18 mummy priests
  4 deep elf high priests
  The ghost of darator the Cleaver, a journeyman HOFi of Makhleb (D:11)
  5 fire dragons
  16 hydras
  7 jiangshi
  21 salamander tyrants
  14 yaktaur captains
  A quicksilver dragon zombie (Hell)
  10 great orbs of eyes
  4 ice dragons
  Erolcha (D:9)
  3 ghost crabs
  34 vault guards
  6 juggernaut simulacra
  6 rakshasas (WizLab)
  The ghost of bezhaha the Eclecticist, a journeyman DjFE of Gozag (D:11)
  A bennu zombie (Crypt:3)
  8 hell beasts
  7 ironbound frosthearts
  A merfolk aquamancer (Depths:2)
  3 spriggan skeletons
  An Orb Guardian zombie (Crypt:2)
  9 caustic shrike simulacra
  20 anacondas
  2 death knights
  2 spriggan air magi
  5 two-headed ogres
  3 ogre magi (Orc:2)
  Fannar (D:10)
  2 fenstrider witch skeletons
  2 catoblepae
  20 centaur warriors
  35 dancing weapons
  85 death scarabs
  9 boulder beetles
  6 alligators
  11 stokers
  38 hell hogs
  14 deep troll earth magi
  3 orc high priests
  7 vampire magi
  9 deep troll shamans
  4 tengu warriors
  17 naga warriors
  3 thrashing horrors
  17 soul eaters
  15 naga sharpshooters
  Nergalle (Orc:2)
  3 spectral dire elephants
  5 spriggan berserkers
  17 iron trolls
  13 hell knights
  6 holy swine (Pan)
  7 crystal echidnas
  7 shock serpents
  A fire crab (Abyss:3)
  27 deep elf knights
  5 salamander mystics
  2 wretched stars
  A titan skeleton (Crypt:1)
  18 skeletal warriors
  21 sixfirhies
  46 sun demons
  A spectral bunyip (Tar:2)
  9 cherubim
  A spectral catoblepas (Tar:1)
  5 goliath frogs
  4 shadow demons
  14 shadow wraiths
  A spatial maelstrom (Zig:4)
  5 spriggan druids
  A golden dragon zombie (Hell)
  A sea snake (Snake:1)
  51 deep trolls
  2 spectral anacondas
  A flayed ghost (Crypt:3)
  A bunyip zombie (Tomb:1)
  2 death drakes (Swamp:3)
  An anaconda skeleton (Crypt:1)
  23 deep elf archers
  3 glowing orange brains
  2 quicksilver dragon simulacra
  17 ironbound convokers
  26 large abominations
  Pikel (D:5)
  A spectral hydra (Tar:1)
  6 lindwurms
  2 spriggan simulacra
  11 bog bodies
  17 swamp dragons
  14 naga ritualists
  9 necromancers
  3 bunyip skeletons
  9 harpies
  32 deep elf zephyrmancers
  16 phantasmal warriors
  A fenstrider witch simulacrum (Coc:1)
  2 obsidian statues
  15 wizards
  32 deep elf pyromancers
  3 frost giant zombies (Hell)
  A goliath frog skeleton (Crypt:2)
  2 orc knights
  A fire giant zombie (Crypt:1)
  6 cyclopes
  6 will-o-the-wisps
  3 manticores
  7 shining eyes
  46 ugly things
  14 orc sorcerers
  2 iron dragon zombies (Hell)
  A faun (shapeshifter) (Vaults:5)
  19 mana vipers
  2 stone giant zombies (Hell)
  A wolf spider (shapeshifter) (Vaults:5)
  A spectral alligator snapping turtle (Tar:2)
  2 worldbinders
  A manticore (shapeshifter) (Depths:3)
  A salamander (shapeshifter) (Vaults:5)
  19 salamanders
  23 moths of wrath
  8 elephants
  5 stone giant skeletons
  A draconian skeleton (Zot:3)
  A spectral centaur (Tar:2)
  2 iron dragon skeletons (Crypt:1)
  2 titan simulacra
  20 naga magi
  A jorogumo skeleton (Crypt:2)
  2 eyes of devastation
  A dire elephant zombie (Lair:5)
  60 black mambas
  2 apocalypse crabs (Abyss:3)
  4 rust devils
  2 water nymphs (Depths:2)
  3 guardian serpents
  A human skeleton (Crypt:1)
  10 ice statues
  23 vault sentinels
  Maggie (D:9)
  3 torpor snails
  26 smoke demons
  2 gargoyles (D:12)
  An orc skeleton (Crypt:1)
  A black mamba (shapeshifter) (D:13)
  2 unseen horrors (D:12)
  13 cane toads
  3 dire elephant skeletons
  19 orange demons
  12 rime drakes
  A storm dragon simulacrum (Coc:1)
  13 demonic crawlers
  2 naga skeletons
  4 centaur skeletons
  6 freezing wraiths
  The ghost of M4edhros the Charlatan, a novice OpAr (D:7)
  3 kobold demonologists
  7 efreet (Pan)
  22 hellions
  3 anaconda simulacra
  2 dryads (Depths:2)
  An alligator snapping turtle skeleton (Crypt:1)
  A catoblepas skeleton (Crypt:1)
  A grey draconian skeleton (Crypt:3)
  10 ice devils
  23 tormentors
  A golden dragon simulacrum (Coc:7)
  3 komodo dragons
  7 trolls
  40 yaktaurs
  25 hellwings
  A spectral harpy (Tar:1)
  A polar bear (shapeshifter) (Depths:3)
  A silent spectre (Tar:2)
  A tengu conjurer (Vaults:4)
  44 guardian mummies
  10 red devils (Pan)
  2 bloated husks (Swamp:1)
  3 meliai (D:14)
  A merfolk (Depths:2)
  A minotaur skeleton (Crypt:1)
  8 tyrant leeches
  5 iron giant simulacra
  A queen bee (D:14)
  11 hornets
  A moth of wrath zombie (Zot:3)
  A queen bee (shapeshifter) (D:14)
  2 polar bears
  8 raiju
  A shadow dragon simulacrum (Hell)
  2 ettin zombies (Hell)
  Prince Ribbit (D:9)
  A dream sheep (shapeshifter) (Zig:5)
  11 blink frogs
  79 slime creatures
  2 spectral elephants (Lair:5)
  A hydra skeleton (Crypt:1)
  5 harpy skeletons
  2 spriggan zombies
  A jumping spider (Lair:1)
  A raiju (shapeshifter) (Vaults:5)
  25 flying skulls
  8 dream sheep (Lair:5)
  A fire dragon skeleton (Crypt:1)
  2 iron dragon simulacra
  An air elemental (Elf:2)
  3 centaur simulacra
  A spriggan (shapeshifter) (Elf:2)
  9 wraiths
  2 shadows
  14 ynoxinuls
  13 water elementals
  Sigmund (D:2)
  34 yaks
  3 wyverns
  14 ushabtiu
  20 spriggans
  A slime creature zombie (Crypt:2)
  An ice dragon skeleton (Crypt:1)
  5 dire elephant simulacra
  13 neqoxecs (Pan)
  A redback (Lair:1)
  7 golden eyes (Slime:3)
  5 basilisks
  A fire elemental (Elf:1)
  3 small abominations
  4 steam dragons
  13 vampire mosquitoes
  A redback (shapeshifter) (Zig:3)
  A death yak simulacrum (Lair:5)
  5 chaos spawn
  A human (D:9)
  A spectral cane toad (Lair:5)
  19 harpy simulacra
  5 wargs
  51 nagas
  A human zombie (Hell)
  A glowing shapeshifter zombie (Hell)
  An ogre zombie (Vaults:4)
  A fire bat skeleton (Crypt:2)
  3 hydra simulacra
  14 swamp worms
  3 acid dragons
  17 water moccasins
  8 swamp drakes
  2 naga zombies
  A demonspawn skeleton (Pan)
  An elephant zombie (Lair:5)
  20 orc warriors
  A floating eye (Slime:5)
  2 ice beasts
  3 black bears
  An ettin simulacrum (Coc:1)
  4 sky beasts
  4 boggarts (Vaults:1)
  7 ogres
  46 wolves
  2 elephant skeletons
  A snapping turtle skeleton (Crypt:1)
  A torpor snail zombie (Crypt:2)
  15 centaurs
  A hog skeleton (Crypt:3)
  4 lemures (D:5)
  14 bullfrogs
  6 kobold brigands
  2 elf zombies
  3 earth elementals
  6 necrophages
  5 gnoll sergeants
  A cyclops zombie (Crypt:1)
  2 naga simulacra
  2 scorpions
  3 cane toad simulacra (Lair:5)
  15 wights
  An elephant simulacrum (Lair:5)
  36 killer bees
  A swamp dragon simulacrum (Coc:1)
  3 lindwurm simulacra (IceCv)
  3 howler monkeys
  5 electric eels
  2 lava snakes (Lair:1)
  8 crimson imps (Pan)
  2 centaur zombies (Ossuary)
  A bullfrog zombie (Crypt:1)
  5 hounds
  A jelly (D:6)
  A black bear zombie (Crypt:3)
  4 komodo dragon simulacra (IceCv)
  16 orc priests
  2 gnoll boudas
  An iguana (D:6)
  39 orc wizards
  A scorpion zombie (Crypt:3)
  12 hell rats
  A sky beast zombie (Crypt:3)
  An acid dragon skeleton (Crypt:2)
  3 hound zombies (Ossuary)
  43 mummies
  Robin (D:3)
  7 acid dragon simulacra (IceCv)
  14 gnolls
  7 adders
  A river rat (Sewer)
  5 shadow imps
  A white imp (Abyss:3)
  3 ufetubi
  7 steam dragon simulacra (IceCv)
  2 adder zombies (Ossuary)
  3 worms
  3 dart slugs (D:1)
  80 orcs
  A bat skeleton (Crypt:1)
  3 endoplasms
  7 giant cockroaches
  A gnoll zombie (Ossuary)
  19 goblins
  11 hobgoblins
  8 jackals (D:1)
  A quokka (D:1)
  12 ball pythons
  A ball python zombie (Crypt:2)
  4 bats
  5 frilled lizards
  5 goblin zombies
  4 hobgoblin zombies
  6 jackal zombies (Ossuary)
  35 kobolds
  3 kobold zombies (Ossuary)
  An orc zombie (Ossuary)
  5 quokka zombies
  14 rats
  6 rat zombies (Ossuary)
  2 ball lightnings (Pan)
  5 briar patches (Swamp:4)
  4 creeping infernos
  17 fire vortices
  A tentacle (Abyss:3)
4067 creatures vanquished.

Vanquished Creatures (collateral kills)
  Jorgrun (Swamp:1)
  A dire elephant (Lair:5)
  Josephine (Orc:1)
  3 hydras
  A bog body (Swamp:2)
  An orc sorcerer (Orc:2)
  A warg (Orc:2)
  A naga (Snake:4)
  3 orc warriors (Orc:2)
  An orc wizard (Orc:2)
14 creatures vanquished.

Vanquished Creatures (others)
  A draconian monk (Zot:4)
  A shard shrike simulacrum (Coc:6)
  A draconian annihilator (Zot:2)
  A reaper (Pan)
  A spriggan defender (Depths:1)
  A very ugly thing (Depths:1)
  An eleionoma (Swamp:3)
  A green draconian (Zot:3)
  A quicksilver dragon zombie (Hell)
  2 spriggan air magi (Depths:1)
  2 quicksilver dragon simulacra
  An ironbound convoker (Vaults:4)
  2 wizards
  A spriggan simulacrum (Coc:5)
  A salamander (Snake:4)
  Maurice (Orc:2)
  A smoke demon (Pan)
  A hellwing (Pan)
  3 bloated husks
  A spriggan (Depths:1)
  A dire elephant simulacrum (Coc:7)
  A naga simulacrum (Coc:2)
  A ynoxinul (Pan)
  A human zombie (Hell)
  A killer bee (D:11)
  A white imp (Pan)
  3 orcs
  19 ball lightnings (Pan)
  A block of ice (Pan)
  2 briar patches (Swamp:4)
  A demonic plant (Gauntlet)
  A fire vortex (Pan)
  10 foxfires
  66 fungi
  89 plants
  2 starspawn tentacles (Swamp:2)
  3 tentacles (Abyss:3)
  32 withered plants
260 creatures vanquished.

Grand Total: 4341 creatures vanquished

Notes
Turn   | Place    | Note
-------+----------+-------------------------------------------
     0 | D:1      | RepoMan the Demonspawn Fighter began the quest for the Orb.
     0 | D:1      | Reached XP level 1. HP: 18/18 MP: 1/1
   140 | D:1      | Gained mutation: You may rarely emit foul miasma when
                  | damaged in melee. [demonic ancestry]
   140 | D:1      | Reached XP level 2. HP: 24/24 MP: 2/2
   398 | D:1      | Gained mutation: You sometimes emit foul miasma when
                  | damaged in melee. [demonic ancestry]
   398 | D:1      | Reached XP level 3. HP: 29/29 MP: 3/3
  1079 | D:2      | Noticed Sigmund
  1189 | D:3      | Noticed Robin
  1268 | D:3      | Reached XP level 4. HP: 30/37 MP: 4/4
  1335 | D:3      | Killed Robin
  1344 | D:3      | Found Irchit Beax's Book Boutique.
  2122 | D:4      | Reached XP level 5. HP: 42/42 MP: 5/5
  2126 | D:4      | Identified the +4 dagger "Myotashy" {speed, Int+4}
  2555 | D:5      | Entered Level 5 of the Dungeon
  2590 | D:5      | Noticed an ice beast
  2609 | D:5      | Killed an ice beast
  2610 | D:5      | Reached XP level 6. HP: 25/49 MP: 6/6
  2788 | D:5      | Reached skill level 5 in Axes
  2945 | D:5      | Noticed Pikel
  3233 | D:5      | Reached skill level 5 in Fighting
  3609 | D:5      | Killed Pikel
  3610 | D:5      | Reached XP level 7. HP: 58/58 MP: 7/7
  3865 | D:6      | Found a glowing drain.
  3869 | Sewer    | Entered a sewer
  3942 | Sewer    | Gained mutation: You have sharp fingernails. [demonic
                  | ancestry]
  3942 | Sewer    | Reached XP level 8. HP: 57/64 MP: 8/8
  4383 | D:6      | Reached skill level 1 in Unarmed Combat
  4531 | D:6      | Noticed Eustachio
  4533 | D:6      | Eustachio changed into Eustachio the worm
  4533 | D:6      | Noticed Eustachio
  4543 | D:6      | Killed Eustachio the worm
  5083 | D:7      | Found a sand-covered staircase.
  5096 | Ossuary  | Entered an ossuary
  5674 | D:7      | Gained mutation: You are partially covered in yellow
                  | scales. (AC +2) [demonic ancestry]
  5674 | D:7      | Reached XP level 9. HP: 71/72 MP: 9/9
  5743 | D:7      | Noticed a two-headed ogre
  5789 | D:7      | Noticed a cyan ugly thing
  5843 | D:8      | Reached skill level 5 in Unarmed Combat
  6192 | D:7      | Noticed a deep elf pyromancer
  6487 | D:6      | Reached skill level 5 in Shields
  6994 | D:8      | Reached XP level 10. HP: 61/78 MP: 10/10
  7975 | D:9      | Found Ruggywn's Jewellery Boutique.
  8264 | D:9      | Noticed Erolcha
  8279 | D:10     | Entered Level 10 of the Dungeon
  8294 | D:10     | Noticed Fannar
  8311 | D:10     | Killed Fannar
  8384 | D:10     | Found a flagged portal.
  8433 | Bailey   | Entered a bailey
  8556 | Bailey   | Noticed an orc warlord
  8608 | Bailey   | Found a runed translucent gate.
  8616 | Bailey   | Found a runed translucent gate.
  8618 | Bailey   | Found a runed translucent gate.
  8639 | Bailey   | Noticed an orc knight
  8665 | Bailey   | Killed an orc knight
  8937 | Bailey   | Killed an orc warlord
  8938 | Bailey   | Gained mutation: You sometimes gain a little power by
                  | taking damage. [demonic ancestry]
  8938 | Bailey   | Reached XP level 11. HP: 89/89 MP: 11/11
  9005 | Bailey   | Got the Folio of Stony Malediction
  9015 | Bailey   | Learned a level 2 spell: Passwall
  9019 | Bailey   | Acquired a phantom mirror
  9138 | D:10     | Found a basalt altar of Yredelemnul.
  9138 | D:10     | Found a bloodstained altar of Trog.
  9163 | D:10     | Found a sparkling altar of Nemelex Xobeh.
  9165 | D:10     | Found an iron altar of Okawaru.
  9166 | D:10     | Found an opulent altar of Gozag.
  9406 | D:10     | Identified the +5 falchion "Eroykaef" {freeze, rF- Will+
                  | Int+4 Dex+7}
 10244 | D:11     | Noticed a boulder beetle
 10269 | D:11     | Killed a boulder beetle
 10270 | D:11     | Reached skill level 10 in Unarmed Combat
 10378 | D:11     | Reached skill level 10 in Fighting
 10573 | D:11     | Noticed a two-headed ogre
 10586 | D:11     | Killed a two-headed ogre
 10822 | D:11     | Noticed a two-headed ogre
 10843 | D:11     | Killed a two-headed ogre
 10876 | D:11     | Noticed a brown ugly thing
 10902 | D:11     | Killed a green ugly thing
 10985 | D:11     | Found a staircase to the Lair.
 11199 | D:11     | Found a bloodstained altar of Trog.
 11240 | D:11     | Found a runed translucent gate.
 11240 | D:11     | Found a runed translucent gate.
 11240 | D:11     | Found a runed translucent gate.
 11241 | D:11     | Noticed Smoky173's ghost (journeyman HOMo)
 11241 | D:11     | Noticed darator's ghost (journeyman HOFi)
 11243 | D:11     | Noticed bezhaha's ghost (journeyman DjFE)
 11371 | D:9      | Noticed Prince Ribbit
 11386 | D:9      | Killed Prince Ribbit
 11565 | D:9      | Found a staircase to the Orcish Mines.
 11756 | D:2      | Killed Sigmund
 12055 | D:7      | Noticed M4edhros's ghost (novice OpAr)
 12057 | D:7      | Found a bloodstained altar of Trog.
 12076 | D:7      | Found a transporter.
 12084 | D:7      | Found a transporter.
 12121 | D:7      | Found a staircase to the Ecumenical Temple.
 12130 | Temple   | Entered the Ecumenical Temple
 12134 | Temple   | Became a worshipper of the Wu Jian Council
 12343 | Lair:1   | Entered Level 1 of the Lair of Beasts
 12369 | Lair:1   | Reached XP level 12. HP: 99/99 MP: 12/12
 12585 | Lair:1   | Reached skill level 1 in Dodging
 12747 | Lair:1   | You fall into a shaft and drop 1 floor!
 12780 | Lair:2   | Reached * piety under Wu Jian
 12806 | Lair:2   | Found a staircase to the Snake Pit.
 13319 | Lair:1   | Found a runed translucent door.
 13807 | Lair:1   | Found the +8 whip "Snakebite" {venom, curare, rPois}
 14223 | Lair:2   | Reached ** piety under Wu Jian
 14303 | Lair:2   | Found a staircase to the Swamp.
 14900 | Lair:2   | Noticed a seven-headed hydra
 14902 | Lair:2   | Killed a seven-headed hydra
 15252 | Lair:3   | Gained mutation: You have very sharp fingernails. [demonic
                  | ancestry]
 15252 | Lair:3   | Reached XP level 13. HP: 96/107 MP: 13/13
 16160 | Lair:3   | Upgraded the game from 0.30-a0-561-g1b0378597e to
                  | 0.30-a0-570-g486de37d69
 17099 | Lair:4   | Reached *** piety under Wu Jian
 17489 | Lair:5   | Entered Level 5 of the Lair of Beasts
 18883 | Lair:5   | Found a staircase to the Slime Pits.
 18907 | Lair:5   | Reached skill level 10 in Shields
 19007 | Lair:5   | Found a viscous altar of Jiyva.
 19045 | Lair:5   | Reached **** piety under Wu Jian
 19274 | Lair:5   | Noticed a dire elephant
 19274 | Lair:5   | Noticed a dire elephant
 19274 | Lair:5   | Noticed a dire elephant
 19611 | Lair:5   | Gained mutation: You are mostly covered in yellow scales.
                  | (AC +3) [demonic ancestry]
 19611 | Lair:5   | Reached XP level 14. HP: 93/113 MP: 14/14
 20223 | Lair:5   | Got the Secrets of Peregrination and Ensorcelling
 20851 | Lair:5   | Reached skill level 15 in Unarmed Combat
 21199 | Orc:1    | Entered Level 1 of the Orcish Mines
 21502 | Orc:1    | Noticed Josephine
 21514 | Orc:1    | Killed Josephine
 21818 | Orc:2    | Entered Level 2 of the Orcish Mines
 21818 | Orc:2    | Found a burning altar of Makhleb.
 21820 | Orc:2    | Found Dugoac's Weapon Emporium.
 21915 | Orc:2    | Noticed an orc warlord
 21953 | Orc:2    | Killed an orc warlord
 21964 | Orc:2    | Found a staircase to the Elven Halls.
 22010 | Orc:2    | Found a frozen archway.
 22070 | IceCv    | Entered an ice cave
 22328 | IceCv    | Found the ring of Shadows {Umbra +Inv Stlth+}
 22569 | Orc:2    | Noticed Maurice
 22582 | Orc:2    | Your ally Maurice died
 22734 | Orc:2    | Found a runed translucent door.
 22827 | Orc:2    | Paralysed by an orc sorcerer for 4 turns
 22905 | Orc:2    | Found Edelo's Book Emporium.
 22969 | Orc:2    | Found Luutz's Antique Armour Shoppe.
 22992 | Orc:2    | Found an ancient bone altar of Kikubaaqudgha.
 22995 | Orc:2    | Noticed Nergalle
 23004 | Orc:2    | Killed Nergalle
 23030 | Orc:2    | Paralysed by an orc sorcerer for 4 turns
 23082 | Orc:2    | Found a radiant altar of Vehumet.
 23139 | Orc:2    | Noticed Rupert
 23225 | Orc:2    | Killed Rupert
 23534 | Orc:2    | Found Kinif's Magic Scroll Emporium.
 23559 | Orc:2    | Found Ulusch's Antique Weapon Shoppe.
 23715 | Orc:2    | Bought a scroll of fog for 56 gold pieces
 23715 | Orc:2    | Bought a scroll of teleportation for 42 gold pieces
 23715 | Orc:2    | Bought a scroll of identify for 28 gold pieces
 23715 | Orc:2    | Bought a scroll of teleportation for 42 gold pieces
 23715 | Orc:2    | Bought a scroll of magic mapping for 105 gold pieces
 24228 | D:9      | Bought the ring "Jorgha" {Contam rElec rN+++ Will+++ Str+6
                  | Stlth+} for 1635 gold pieces
 24259 | D:9      | Killed Erolcha
 24312 | D:9      | Noticed Gastronok
 24349 | D:9      | Killed Gastronok
 24425 | D:9      | Noticed Maggie
 24429 | D:9      | Killed Maggie
 24501 | D:9      | Found Iffeo's Self-Improvement Boutique.
 24737 | D:12     | Reached XP level 15. HP: 124/126 MP: 15/15
 25473 | D:12     | Found a sparkling altar of Nemelex Xobeh.
 25743 | D:13     | Found a gate leading to a gauntlet.
 25801 | Gauntlet | Entered a Gauntlet
 25801 | Gauntlet | Found a transporter.
 25801 | Gauntlet | Found a transporter.
 25804 | Gauntlet | Found a transporter.
 25817 | Gauntlet | Found a transporter.
 25834 | Gauntlet | Found a transporter.
 25842 | Gauntlet | Found a transporter.
 25842 | Gauntlet | Found a transporter.
 25845 | Gauntlet | Found a transporter.
 25856 | Gauntlet | Found a transporter.
 25872 | Gauntlet | Found a transporter.
 25882 | Gauntlet | Found a transporter.
 25897 | Gauntlet | Found a transporter.
 25918 | Gauntlet | Found a transporter.
 25930 | Gauntlet | Found a transporter.
 26080 | Gauntlet | Identified the ring "Pisiodgh" {EV+4 Str-4 Int+3 Dex+4}
 26335 | Gauntlet | Identified the ring "Bucuosyu" {Wiz Will- Int+5}
 26338 | Gauntlet | Acquired a manual of Shields
 26512 | D:13     | Reached ***** piety under Wu Jian
 26613 | D:13     | Found a basalt altar of Yredelemnul.
 26816 | D:13     | Found a gate to the Vaults.
 27956 | D:14     | Found a hazy altar of Hepliaklqana.
 28268 | D:15     | Entered Level 15 of the Dungeon
 28278 | D:15     | Noticed Louise
 28286 | D:15     | Killed Louise
 28765 | D:15     | Found a staircase to the Depths.
 29452 | Orc:2    | Bought a pitted cloak for 247 gold pieces
 29452 | Orc:2    | Identified the +2 cloak of Oqidarr {rF+} (You bought it in
                  | a shop on level 2 of the Orcish Mines)
 29692 | Snake:1  | Entered Level 1 of the Snake Pit
 30081 | Snake:1  | Reached skill level 15 in Fighting
 30115 | Snake:1  | Reached skill level 1 in Evocations
 30431 | Snake:1  | Found Roilet's Jewellery Emporium.
 30456 | Snake:1  | Reached XP level 16. HP: 120/136 MP: 16/16
 31385 | Snake:2  | Reached ****** piety under Wu Jian
 32521 | Snake:3  | Noticed Vashnia
 33110 | Snake:3  | Noticed Bai Suzhen
 33180 | Snake:3  | Killed Bai Suzhen
 33181 | Snake:3  | Reached skill level 5 in Evocations
 33374 | Snake:3  | Noticed Aizul
 33386 | Snake:3  | Killed Aizul
 33524 | Snake:3  | Identified the +6 dire flail "Pasuzo" {drain, rF+ Int+4}
 33922 | Snake:2  | Killed Vashnia
 34142 | Snake:3  | Gained mutation: Your hexes are more powerful. [demonic
                  | ancestry]
 34142 | Snake:3  | Reached XP level 17. HP: 139/144 MP: 17/17
 34604 | Snake:4  | Entered Level 4 of the Snake Pit
 34623 | Snake:4  | Reached skill level 15 in Shields
 35513 | Snake:4  | Learned a level 1 spell: Apportation
 37130 | Snake:4  | Got a serpentine rune of Zot
 37704 | Swamp:1  | Entered Level 1 of the Swamp
 38313 | Swamp:1  | Noticed Jorgrun
 38315 | Swamp:1  | Noticed Donald
 38320 | Swamp:1  | Killed Jorgrun
 38321 | Swamp:1  | Killed Donald
 38360 | Swamp:1  | Noticed Frances
 38370 | Swamp:1  | Killed Frances
 38790 | Swamp:2  | Identified Roxanne's Incunable of Stones
 38790 | Swamp:2  | Noticed Roxanne
 38801 | Swamp:2  | Gained mutation: You have claws for hands. [demonic
                  | ancestry]
 38801 | Swamp:2  | Reached XP level 18. HP: 84/153 MP: 18/18
 38809 | Swamp:2  | Found a transporter.
 38809 | Swamp:2  | Noticed a profane servitor
 38837 | Swamp:2  | Noticed Xenipam's ghost (journeyman BaSu)
 39161 | Swamp:2  | Found a one-way gate to the infinite horrors of the Abyss.
 39185 | Swamp:2  | Found a transporter.
 39571 | Swamp:2  | Killed Roxanne
 39708 | Swamp:1  | Learned a level 6 spell: Statue Form
 40356 | Swamp:3  | Identified the +2 pair of gloves of Amualeegil {Fly rElec
                  | Str+9 Dex-4}
 40502 | Swamp:3  | Acquired a manual of Transmutations
 40733 | Swamp:3  | Found a transporter.
 40737 | Swamp:3  | Found a transporter.
 40737 | Swamp:3  | Noticed M4edhros's ghost (adept OpAr)
 40756 | Swamp:3  | Reached skill level 1 in Transmutations
 41123 | Swamp:4  | Entered Level 4 of the Swamp
 41185 | Swamp:4  | Reached skill level 1 in Spellcasting
 41257 | Swamp:4  | Reached skill level 1 in Earth Magic
 41848 | Swamp:4  | Got a decaying rune of Zot
 42535 | Elf:1    | Entered Level 1 of the Elven Halls
 43498 | Elf:2    | Found a magical portal.
 43507 | WizLab   | Entered Tukima's Studio
 43899 | WizLab   | Noticed RepoMan's illusion
 43939 | WizLab   | Reached skill level 5 in Transmutations
 43960 | WizLab   | Noticed a walking earthen tome
 43962 | WizLab   | Gained mutation: You sometimes gain power by taking damage.
                  | [demonic ancestry]
 43962 | WizLab   | Reached XP level 19. HP: 159/159 MP: 23/23
 43988 | WizLab   | Identified the +0 hat of Seonum {rC+++ rCorr Str-2 Slay+2}
 44008 | WizLab   | Noticed RepoMan's illusion
 44020 | WizLab   | Identified the +3 hat of Elaosuff {Str+6 Int+4}
 44900 | Elf:2    | Found a runed translucent gate.
 44901 | Elf:2    | Found a runed translucent gate.
 44901 | Elf:2    | Found a runed translucent gate.
 44961 | Elf:2    | Found Zatorph's Book Shop.
 45091 | Elf:2    | Learned a level 2 spell: Blink
 45295 | Elf:2    | Reached skill level 1 in Translocations
 45296 | Elf:2    | Reached skill level 5 in Earth Magic
 46416 | Elf:3    | Entered Level 3 of the Elven Halls
 46990 | Elf:3    | Reached XP level 20. HP: 123/166 MP: 24/24
 46990 | Elf:3    | Identified the +7 broad axe of Loofee {drain, rF+ rC+ Will+
                  | rCorr}
 46990 | Elf:3    | Identified the +7 plate armour "Irghuch" {rElec rPois Will+
                  | Str-4}
 47065 | Elf:3    | Found the +6 arbalest "Damnation" {damnation}
 47152 | Elf:3    | Identified the +8 mace "Seeq" {venom, rElec Dex+3}
 47171 | Elf:3    | Got the Incunabulum of the Trees
 47195 | Elf:3    | Learned a level 2 spell: Wereblood
 47724 | Vaults:1 | Entered Level 1 of the Vaults
 48232 | Vaults:1 | Reached skill level 10 in Transmutations
 48672 | Vaults:1 | Reached skill level 5 in Translocations
 49567 | Vaults:2 | Noticed Frederick
 49568 | Vaults:2 | Killed Frederick
 50302 | Vaults:2 | Gained mutation: You frequently emit foul miasma when
                  | damaged in melee. [demonic ancestry]
 50302 | Vaults:2 | Reached XP level 21. HP: 136/172 MP: 25/25
 50559 | Vaults:2 | Found a staircase to the Crypt.
 50885 | Vaults:3 | Reached skill level 10 in Earth Magic
 51085 | Vaults:3 | Found Copsagh's Jewellery Shoppe.
 52956 | Vaults:4 | Found Weqijoda's Antique Weapon Shop.
 53200 | Vaults:4 | Found a radiant altar of Vehumet.
 53223 | Vaults:4 | Identified the +1 robe of the Great Game {-Tele Will+
                  | Int+2}
 53230 | Vaults:4 | Found the +5 robe of Night {Dark Will+ SInv}
 53259 | Vaults:4 | Identified the +2 hat "Soow Unty" {Int+3}
 53261 | Vaults:4 | Identified the +0 hat "Vadoecvi" {Rampage rC++ Str+3}
 53721 | Vaults:4 | Identified the +1 pair of gloves of Impatience {Str+5}
 54159 | D:9      | Bought a manual of Transmutations for 1120 gold pieces
 54329 | Crypt:1  | Entered Level 1 of the Crypt
 54459 | Crypt:1  | Identified the +1 leather armour of the Swamp {rC+ Str+4}
 54695 | Crypt:1  | Noticed Sojobo
 54700 | Crypt:1  | Killed Sojobo
 54701 | Crypt:1  | Gained mutation: You are completely covered in yellow
                  | scales. (AC +4, rCorr) [demonic ancestry]
 54701 | Crypt:1  | Reached XP level 22. HP: 180/180 MP: 22/26
 55104 | Crypt:1  | Learned a level 5 spell: Yara's Violent Unravelling
 55302 | Crypt:1  | Identified the +6 plate armour "Iveapnaz" {*Corrode Regen+
                  | Dex+7}
 55718 | Crypt:2  | Reached skill level 15 in Transmutations
 56361 | Crypt:3  | Entered Level 3 of the Crypt
 56386 | Crypt:3  | Reached skill level 15 in Earth Magic
 56684 | Crypt:3  | Noticed an ancient lich
 56729 | Crypt:3  | Killed an ancient lich
 57099 | Crypt:3  | Found a staircase to the Tomb.
 57390 | Crypt:3  | Noticed a dread lich
 57401 | Crypt:3  | Killed a dread lich
 57480 | Crypt:3  | Identified the +1 robe of Kirianigh {*Corrode rElec Str+3
                  | Stlth+}
 57488 | Crypt:3  | Identified the +1 leather armour "Caoxanan" {Fly rF+ Dex+3}
 57493 | Crypt:3  | Got the Parchment of Diablerie
 58148 | D:7      | Killed M4edhros's ghost
 58303 | D:11     | Killed Smoky173's ghost
 58304 | D:11     | Killed bezhaha's ghost
 58304 | D:11     | Killed darator's ghost
 58408 | Lair:1   | Found a runed translucent gate.
 58408 | Lair:1   | Found a runed translucent gate.
 58410 | Lair:1   | Found a runed translucent gate.
 58410 | Lair:1   | Found a runed translucent gate.
 58410 | Lair:1   | Found a runed translucent gate.
 58410 | Lair:1   | Identified the +2 hat "Pededgh" {Slay+2}
 58411 | Lair:1   | Found a runed translucent gate.
 58608 | Swamp:2  | Killed Xenipam's ghost
 58804 | Swamp:3  | Killed M4edhros's ghost
 58817 | Swamp:3  | Identified the +1 helmet "Qeojohoa" {rElec}
 59079 | Depths:1 | Entered Level 1 of the Depths
 59083 | Depths:1 | Noticed Nikola
 59083 | Depths:1 | Noticed the Enchantress
 59091 | Depths:1 | Reached XP level 23. HP: 179/186 MP: 24/27
 59092 | Depths:1 | Killed the Enchantress
 59094 | Depths:1 | Killed Nikola
 59536 | Depths:1 | Found a one-way gate leading to the halls of Pandemonium.
 59682 | Depths:1 | Found a gateway to Hell.
 59978 | Depths:2 | Found a one-way gateway to a ziggurat.
 60029 | Depths:2 | Learned a level 3 spell: Lesser Beckoning
 60034 | Depths:2 | Noticed Grunn
 60055 | Depths:2 | Killed Grunn
 60452 | Depths:2 | Found a blossoming altar of Fedhas.
 60525 | Depths:2 | Found a hide-covered altar of Uskayaw.
 61263 | Depths:2 | Identified the +0 pair of boots "Qiucawil" {rC+ Will+ Int+3
                  | Dex-5}
 61973 | Depths:3 | Noticed a juggernaut
 61979 | Depths:3 | Killed a juggernaut
 62060 | Depths:3 | Noticed a juggernaut
 62070 | Depths:3 | Killed a juggernaut
 62346 | Depths:3 | Gained mutation: Your melee attacks may debilitate your
                  | foes. [demonic ancestry]
 62346 | Depths:3 | Reached XP level 24. HP: 195/195 MP: 27/27
 62753 | Depths:4 | Entered Level 4 of the Depths
 62852 | Depths:4 | Found a gate to the Realm of Zot.
 63065 | Depths:4 | Found a radiant altar of Vehumet.
 64149 | Slime:1  | Entered Level 1 of the Pits of Slime
 64158 | Slime:1  | Gained mutation: You sometimes lose your temper in combat.
                  | [a shining eye]
 64162 | Slime:1  | Gained mutation: You are weak. (Str -2) [a shining eye]
 64163 | Slime:1  | Reached skill level 1 in Hexes
 64163 | Slime:1  | Gained mutation: You have an uncontrollable temper. [a
                  | shining eye]
 64398 | Slime:5  | Entered Level 5 of the Pits of Slime
 64483 | Slime:5  | Lost mutation: You are weak. (Str -2) [potion of mutation]
 64483 | Slime:5  | Lost mutation: You have an uncontrollable temper. [potion
                  | of mutation]
 64483 | Slime:5  | Gained mutation: You have large cloven feet. [potion of
                  | mutation]
 64483 | Slime:5  | Gained mutation: You are vulnerable to cold. (rC-) [potion
                  | of mutation]
 64483 | Slime:5  | Gained mutation: Your spells are a little harder to cast,
                  | but a little more powerful. [potion of mutation]
 64484 | Slime:5  | Lost mutation: You sometimes lose your temper in combat.
                  | [potion of mutation]
 64484 | Slime:5  | Lost mutation: You are vulnerable to cold. (rC-) [potion of
                  | mutation]
 64484 | Slime:5  | Lost mutation: Your spells are a little harder to cast, but
                  | a little more powerful. [potion of mutation]
 64484 | Slime:5  | Gained mutation: You sometimes lose your temper in combat.
                  | [potion of mutation]
 64484 | Slime:5  | Gained mutation: You are frail. (-10% HP) [potion of
                  | mutation]
 64484 | Slime:5  | Gained mutation: You are weak. (Str -2) [potion of
                  | mutation]
 64484 | Slime:5  | Gained mutation: You are agile. (Dex +4, Str/Int -1)
                  | [potion of mutation]
 64485 | Slime:5  | Lost mutation: You sometimes lose your temper in combat.
                  | [potion of mutation]
 64485 | Slime:5  | Lost mutation: You are agile. (Dex +4, Str/Int -1) [potion
                  | of mutation]
 64485 | Slime:5  | Lost mutation: You have large cloven feet. [potion of
                  | mutation]
 64485 | Slime:5  | Gained mutation: Your spells are a little easier to cast,
                  | but a little less powerful. [potion of mutation]
 64485 | Slime:5  | Gained mutation: Your mind is acute. (Int +4, Str/Dex -1)
                  | [potion of mutation]
 64522 | Slime:5  | Noticed the Royal Jelly
 64542 | Slime:5  | Killed the Royal Jelly
 64565 | Slime:5  | Gained mutation: Your spells are easier to cast, but less
                  | powerful. [a shining eye]
 64617 | Slime:5  | Identified the +3 hand crossbow "Trog's Wrath" {freeze,
                  | MP+9 Dex+2}
 64624 | Slime:5  | Identified the ring "Derihe" {Ice rN+}
 64648 | Slime:5  | Identified the +9 shortbow of Satyriasis {drain, rPois MP+9
                  | Int-2}
 64692 | Slime:5  | Identified the +0 scale mail of the Morning {Contam Fly
                  | rPois Will++}
 64708 | Slime:5  | Got a slimy rune of Zot
 64710 | Slime:5  | Got the Lessons on Combative Changing
 64804 | Lair:5   | Lost mutation: Your mind is acute. (Int +4, Str/Dex -1)
                  | [potion of mutation]
 64804 | Lair:5   | Lost mutation: You are frail. (-10% HP) [potion of
                  | mutation]
 64804 | Lair:5   | Gained mutation: Armour fits poorly on your strangely
                  | shaped body. [potion of mutation]
 64804 | Lair:5   | Gained mutation: You have a somewhat thin skeletal
                  | structure. (Dex +2, Stealth+) [potion of mutation]
 64805 | Lair:5   | Lost mutation: Your spells are easier to cast, but less
                  | powerful. [potion of mutation]
 64805 | Lair:5   | Lost mutation: You have a somewhat thin skeletal structure.
                  | (Dex +2, Stealth+) [potion of mutation]
 64805 | Lair:5   | Gained mutation: You are clumsy. (Dex -2) [potion of
                  | mutation]
 64806 | Lair:5   | Lost mutation: You are clumsy. (Dex -2) [potion of
                  | mutation]
 64806 | Lair:5   | Lost mutation: Your spells are a little easier to cast, but
                  | a little less powerful. [potion of mutation]
 64806 | Lair:5   | Lost mutation: Armour fits poorly on your strangely shaped
                  | body. [potion of mutation]
 64806 | Lair:5   | Gained mutation: You are very weak. (Str -4) [potion of
                  | mutation]
 64806 | Lair:5   | Gained mutation: You have a pair of small antennae on your
                  | head. [potion of mutation]
 64806 | Lair:5   | Gained mutation: You occasionally lose the ability to drink
                  | potions when taking damage. [potion of mutation]
 64806 | Lair:5   | Gained mutation: You passively map a small area around you.
                  | [potion of mutation]
 64807 | Lair:5   | Lost mutation: You occasionally lose the ability to drink
                  | potions when taking damage. [potion of mutation]
 64807 | Lair:5   | Lost mutation: You passively map a small area around you.
                  | [potion of mutation]
 64807 | Lair:5   | Lost mutation: You have a pair of small antennae on your
                  | head. [potion of mutation]
 64807 | Lair:5   | Gained mutation: You have sharp toenails. [potion of
                  | mutation]
 64807 | Lair:5   | Gained mutation: You are robust. (+10% HP) [potion of
                  | mutation]
 64807 | Lair:5   | Gained mutation: You are agile. (Dex +4, Str/Int -1)
                  | [potion of mutation]
 64913 | D:9      | Bought the ring "Koyn" {Fly rF+ Str+6 Int+2} for 957 gold
                  | pieces
 64942 | D:9      | Bought a manual of Shields for 1120 gold pieces
 65504 | Zot:1    | Entered Level 1 of the Realm of Zot
 66381 | Zot:2    | Found an ancient bone altar of Kikubaaqudgha.
 66394 | Zot:2    | Identified the +8 battleaxe of the Grim God {holy, rN+}
 66450 | Zot:2    | Reached skill level 5 in Hexes
 66450 | Zot:2    | Gained mutation: You are powered by pain. [demonic
                  | ancestry]
 66450 | Zot:2    | Reached XP level 25. HP: 158/225 MP: 27/27
 69828 | Zot:4    | Learned a level 5 spell: Borgnjor's Vile Clutch
 70447 | Vaults:5 | Entered Level 5 of the Vaults
 70451 | Vaults:5 | Reached skill level 1 in Necromancy
 70469 | Vaults:5 | Reached XP level 26. HP: 237/237 MP: 27/27
 70499 | Vaults:5 | Noticed an ancient lich
 70500 | Vaults:5 | Killed an ancient lich
 70552 | Vaults:5 | Reached skill level 5 in Necromancy
 70573 | Vaults:5 | Found Ubogha's Distillery.
 70588 | Vaults:5 | Found Cenamof's Distillery.
 70645 | Vaults:5 | Bought a potion of heal wounds for 60 gold pieces
 70645 | Vaults:5 | Bought a potion of heal wounds for 60 gold pieces
 70645 | Vaults:5 | Bought a potion of haste for 120 gold pieces
 70645 | Vaults:5 | Bought a potion of mutation for 96 gold pieces
 70656 | Vaults:5 | Bought a potion of mutation for 168 gold pieces
 70980 | Vaults:5 | Got a silver rune of Zot
 71202 | Vaults:5 | Noticed an ancient lich
 71211 | Vaults:5 | Killed an ancient lich
 71372 | Vaults:5 | Identified the +3 dagger "Noteuppes" {freeze, Fly rElec
                  | rC+}
 71419 | Vaults:5 | Found Daodghacw's Distillery.
 71423 | Vaults:5 | Bought a potion of curing for 48 gold pieces
 71423 | Vaults:5 | Bought a potion of haste for 160 gold pieces
 71423 | Vaults:5 | Bought 3 potions of heal wounds for 240 gold pieces
 71844 | Vaults:5 | Bought a potion of heal wounds for 105 gold pieces
 71844 | Vaults:5 | Bought a potion of magic for 168 gold pieces
 71844 | Vaults:5 | Bought a potion of resistance for 210 gold pieces
 71844 | Vaults:5 | Bought 2 potions of might for 168 gold pieces
 71844 | Vaults:5 | Bought a potion of curing for 63 gold pieces
 71844 | Vaults:5 | Bought a potion of heal wounds for 105 gold pieces
 71844 | Vaults:5 | Bought a potion of haste for 210 gold pieces
 72217 | Zig:1    | Entered Level 1 of a ziggurat
 72231 | Zig:2    | Entered Level 2 of a ziggurat
 72231 | Zig:2    | Noticed Ziysoonu the pandemonium lord
 72235 | Zig:2    | Killed Ziysoonu the pandemonium lord
 72254 | Zig:3    | Entered Level 3 of a ziggurat
 72279 | Zig:4    | Entered Level 4 of a ziggurat
 72307 | Zig:4    | Identified the +1 scale mail of Rerhivvi {Dex+2}
 72322 | Zig:5    | Entered Level 5 of a ziggurat
 72325 | Zig:5    | Noticed an ancient lich
 72329 | Zig:5    | Killed an ancient lich
 72379 | Zig:6    | Entered Level 6 of a ziggurat
 72396 | Zig:6    | Reached skill level 5 in Dodging
 72419 | Zig:6    | Identified the +5 shortbow of the Traitor {heavy, Will+}
 72424 | Zig:6    | Identified the +0 great sword of Woe {heavy, Fly rElec}
 72437 | Zig:6    | Gained mutation: You are surrounded by an aura of silence.
                  | [demonic ancestry]
 72437 | Zig:6    | Reached XP level 27. HP: 246/246 MP: 27/27
 72451 | Zig:7    | Entered Level 7 of a ziggurat
 72465 | Zig:7    | Noticed Wacora the pandemonium lord
 72473 | Zig:7    | Killed Wacora the pandemonium lord
 72521 | Zig:8    | Entered Level 8 of a ziggurat
 72567 | Zig:8    | Identified the +5 flail of Annihilation {protect, rPois rC+
                  | Str-5 Dex+8}
 72568 | Zig:8    | Identified the ring of Siut Wiu {Fly Int+6 Dex+3}
 72588 | Zig:9    | Entered Level 9 of a ziggurat
 72625 | Zig:9    | Found the +10 tower shield of Ignorance {rN+ Int-4}
 72657 | Zig:9    | Learned a level 5 spell: Irradiate
 72702 | Pan      | Entered Pandemonium
 72932 | Pan      | Reached skill level 10 in Necromancy
 73012 | Pan      | Noticed Emoagg the pandemonium lord
 73019 | Pan      | Killed Emoagg the pandemonium lord
 73034 | Pan      | Identified the +4 arbalest of Stickiness {heavy, Will+}
 73037 | Pan      | Got a demonic rune of Zot
 73075 | Pan      | Gained mutation: You are dopey. (Int -2) [a cacodemon]
 73082 | Pan      | Upgraded the game from 0.30-a0-570-g486de37d69 to
                  | 0.30-a0-575-g6f4a10e2d2
 73104 | Pan      | Identified the +5 scale mail of Space {rF+}
 73211 | Pan      | Noticed Moetzat the pandemonium lord
 73218 | Pan      | Killed Moetzat the pandemonium lord
 73223 | Depths:2 | Escaped Pandemonium
 73318 | Pan      | Entered Pandemonium
 73434 | Pan      | Entered the realm of Cerebov.
 73898 | Pan      | Identified the +8 quick blade of Equilibrium {flame, Contam
                  | rF+ Str+4}
 73902 | Pan      | Identified the +7 mace of Zucown {venom, Dex+4}
 74072 | Pan      | Identified the ring of the Salmon {rElec EV+5}
 74148 | Pan      | Found the +6 sword of Cerebov {flame}
 74148 | Pan      | Noticed Cerebov
 74174 | Pan      | Killed Cerebov
 74175 | Pan      | Reached skill level 5 in Spellcasting
 74235 | Pan      | Got a fiery rune of Zot
 74332 | Pan      | Got the Omnibus of Sinister Rites
 74333 | Pan      | Identified the +0 leather armour of a bazaar {rElec}
 74456 | Pan      | Identified the +1 chain mail of Satisfaction {Dex+5}
 74704 | Pan      | Noticed Jaihib the pandemonium lord
 74713 | Pan      | Killed Jaihib the pandemonium lord
 75178 | Pan      | Noticed a seraph
 75180 | Pan      | Identified the +3 sling of Arbitration {speed, Int+2 Dex+2}
 75181 | Pan      | Identified the +1 buckler "Teinudoywn" {Fly rN+ SInv}
 75192 | Pan      | Killed a seraph
 75196 | Pan      | Identified the +5 buckler "Guank" {Rampage rElec rC+}
 75312 | Pan      | Got Necevum's Lessons on Sinister Secrets and the Map
 75328 | Depths:2 | Escaped Pandemonium
 75333 | Depths:2 | Learned a level 3 spell: Vhi's Electric Charge
 75341 | Pan      | Entered the realm of Gloorx Vloq.
 75341 | Pan      | Entered Pandemonium
 75552 | Pan      | Reached skill level 1 in Air Magic
 75804 | Pan      | Noticed Gloorx Vloq
 75811 | Pan      | Killed Gloorx Vloq
 75823 | Pan      | Got a dark rune of Zot
 75877 | Pan      | Entered the realm of Mnoleg.
 75877 | Pan      | Found an exit through the horrors of the Abyss.
 75882 | Pan      | Gained mutation: You have hidden genetic defects. [a
                  | neqoxec]
 75890 | Pan      | Lost mutation: You are agile. (Dex +4, Str/Int -1) [a
                  | cacodemon]
 75903 | Pan      | Gained mutation: You occasionally lose the ability to read
                  | scrolls when taking damage. [a neqoxec]
 75936 | Pan      | Lost mutation: You have hidden genetic defects. [potion of
                  | mutation]
 75936 | Pan      | Lost mutation: You are dopey. (Int -2) [potion of mutation]
 75936 | Pan      | Gained mutation: You are dopey. (Int -2) [potion of
                  | mutation]
 75937 | Pan      | Lost mutation: You are dopey. (Int -2) [potion of mutation]
 75937 | Pan      | Lost mutation: You occasionally lose the ability to read
                  | scrolls when taking damage. [potion of mutation]
 75937 | Pan      | Gained mutation: Your magical capacity is low. (-10% MP)
                  | [potion of mutation]
 76103 | Pan      | Reached skill level 15 in Necromancy
 76109 | Pan      | Noticed Mnoleg
 76138 | Pan      | Killed Mnoleg
 76156 | Pan      | Got a glowing rune of Zot
 76219 | Pan      | Gained mutation: Your magical capacity is very low. (-20%
                  | MP) [a neqoxec]
 76302 | Pan      | Identified the +1 ring mail of Yredelemnul's Favour {Will-
                  | Dex+4}
 76312 | Pan      | Noticed Yprygg the pandemonium lord
 76329 | Pan      | Killed Yprygg the pandemonium lord
 76335 | Pan      | Gained mutation: You sometimes lose your temper in combat.
                  | [a cacodemon]
 76338 | Depths:2 | Escaped Pandemonium
 76341 | Depths:2 | Lost mutation: Your magical capacity is very low. (-20% MP)
                  | [potion of mutation]
 76341 | Depths:2 | Lost mutation: You have sharp toenails. [potion of
                  | mutation]
 76341 | Depths:2 | Gained mutation: You have a beak for a mouth. [potion of
                  | mutation]
 76342 | Depths:2 | Lost mutation: You sometimes lose your temper in combat.
                  | [potion of mutation]
 76342 | Depths:2 | Lost mutation: You have a beak for a mouth. [potion of
                  | mutation]
 76342 | Depths:2 | Gained mutation: You are agile. (Dex +4, Str/Int -1)
                  | [potion of mutation]
 76342 | Depths:2 | Gained mutation: You have large cloven feet. [potion of
                  | mutation]
 76391 | Pan      | Entered Pandemonium
 76824 | Pan      | Found an exit through the horrors of the Abyss.
 76927 | Pan      | Found a runed translucent door.
 76958 | Pan      | Found a runed translucent door.
 77040 | Pan      | Found a runed translucent door.
 77043 | Pan      | Found a runed translucent door.
 77048 | Pan      | Found a runed translucent door.
 77057 | Pan      | Lost mutation: You are robust. (+10% HP) [a cacodemon]
 77071 | Pan      | Noticed Xihasearch the pandemonium lord
 77072 | Pan      | Killed Xihasearch the pandemonium lord
 77254 | Pan      | Found a transporter.
 77330 | Pan      | Identified the ring of Nihilism {Fly Str+4}
 77339 | Pan      | Found a transporter.
 77346 | Pan      | Identified the +0 hat "Qanuokum" {rN+ Int+4}
 77389 | Pan      | Learned a level 8 spell: Borgnjor's Revivification
 77390 | Pan      | Entered the realm of Lom Lobon.
 77797 | Pan      | Noticed Lom Lobon
 77821 | Pan      | Killed Lom Lobon
 77899 | Pan      | Got a magical rune of Zot
 78165 | Pan      | Found an exit through the horrors of the Abyss.
 78172 | Pan      | Identified the +1 chain mail of the Cicada {rC+}
 78181 | Pan      | Took an exit into the Abyss.
 78181 | Abyss:1  | Escaped into the Abyss
 78181 | Abyss:1  | Found a corrupted altar of Lugonu.
 78225 | Abyss:1  | Found a corrupted altar of Lugonu.
 78254 | Abyss:3  | Found a corrupted altar of Lugonu.
 78319 | Abyss:3  | Got an abyssal rune of Zot
 78408 | Depths:2 | Escaped the Abyss
 78492 | Hell     | Entered the Vestibule of Hell
 78492 | Hell     | Noticed Geryon
 78496 | Hell     | Killed Geryon
 78499 | Hell     | Reached skill level 10 in Spellcasting
 78538 | Hell     | Found a gateway to the ashen valley of Gehenna.
 78558 | Hell     | Noticed a dread lich
 78562 | Hell     | Killed a dread lich
 78571 | Hell     | Found a gateway to the decaying netherworld of Tartarus.
 78605 | Hell     | Found a gateway to the freezing wastes of Cocytus.
 78714 | Hell     | Found a gateway to the Iron City of Dis.
 79019 | Dis:1    | Entered Level 1 of the Iron City of Dis
 79742 | Dis:7    | Entered Level 7 of the Iron City of Dis
 80019 | Dis:7    | Noticed a juggernaut
 80023 | Dis:7    | Killed a juggernaut
 80033 | Dis:7    | Identified the +9 hand axe "Mosub" {drain, +Blink rElec
                  | Stlth-}
 80039 | Dis:7    | Identified the ring of Mutualism {rF+ rCorr Str+3}
 80051 | Dis:7    | Got the Octavo of the Inconstant Snake
 80428 | Dis:7    | Learned a level 9 spell: Death's Door
 80842 | Dis:7    | Noticed a juggernaut
 80847 | Dis:7    | Killed a juggernaut
 80884 | Dis:7    | Found the +4 staff of Dispater
 80884 | Dis:7    | Noticed Dispater
 80896 | Dis:7    | Killed Dispater
 80939 | Dis:7    | Got an iron rune of Zot
 81112 | Coc:1    | Entered Level 1 of Cocytus
 81287 | Coc:2    | Paralysed by a wendigo for 1 turns
 81642 | Coc:5    | Paralysed by a wendigo for 1 turns
 81765 | Coc:6    | Reached skill level 27 in Necromancy
 81879 | Coc:6    | Reached skill level 10 in Dodging
 81975 | Coc:7    | Entered Level 7 of Cocytus
 82038 | Coc:7    | Paralysed by a wendigo for 1 turns
 82351 | Coc:7    | Reached skill level 1 in Stealth
 82488 | Coc:7    | Paralysed by a wendigo for 1 turns
 82509 | Coc:7    | Noticed Antaeus
 82516 | Coc:7    | Killed Antaeus
 82528 | Coc:7    | Found the +2 Maxwell's thermic engine {flame, freeze}
 82536 | Coc:7    | Got an icy rune of Zot
 82722 | Coc:7    | Identified the +6 sling of the Puffin {drain, *Slow MP+9
                  | Int+4 Dex+8}
 82808 | Tar:1    | Entered Level 1 of Tartarus
 83447 | Tar:7    | Entered Level 7 of Tartarus
 83491 | Tar:7    | Identified the +5 scale mail of Lachrymose Mirth {MP+9
                  | Int+4 Dex+4}
 83600 | Tar:7    | Reached skill level 15 in Spellcasting
 83711 | Tar:7    | Noticed a dread lich
 83714 | Tar:7    | Killed a dread lich
 83726 | Tar:7    | Noticed an ancient lich
 83726 | Tar:7    | Killed an ancient lich
 83739 | Tar:7    | Identified the +9 triple crossbow of Honour {drain, Fragile
                  | rC+ rN++ Str+3}
 83760 | Tar:7    | Noticed an ancient lich
 83764 | Tar:7    | Killed an ancient lich
 83791 | Tar:7    | Identified the ring "Ostapapt" {Wiz *Slow rC+ Int+5 Stlth+}
 83792 | Tar:7    | Identified the +4 quarterstaff "Ytsebree" {speed, *Noise
                  | rPois rN+ MP+9}
 83815 | Tar:7    | Noticed an ancient lich
 83815 | Tar:7    | Killed an ancient lich
 83935 | Tar:7    | Noticed the Serpent of Hell
 83935 | Tar:7    | Noticed an ancient lich
 83935 | Tar:7    | Killed an ancient lich
 83935 | Tar:7    | Killed the Serpent of Hell
 84197 | Tar:7    | Noticed a dread lich
 84200 | Tar:7    | Killed a dread lich
 84219 | Tar:7    | Noticed Ereshkigal
 84227 | Tar:7    | Killed Ereshkigal
 84264 | Tar:7    | Got a bone rune of Zot
 84374 | Hell     | Learned a level 4 spell: Manifold Assault
 84395 | Geh:1    | Entered Level 1 of Gehenna
 85220 | Geh:7    | Entered Level 7 of Gehenna
 85699 | Geh:7    | Identified the amulet of Yliezik {Acrobat Str+4}
 85705 | Geh:7    | Identified the +9 plate armour "Reng" {rPois rN+ Will+
                  | Int-3}
 85746 | Geh:7    | Found the +7 sceptre of Asmodeus
 85746 | Geh:7    | Noticed Asmodeus
 85753 | Geh:7    | Killed Asmodeus
 85756 | Geh:7    | Got an obsidian rune of Zot
 86379 | Tomb:1   | Entered Level 1 of the Tomb of the Ancients
 86970 | Tomb:2   | Noticed a royal mummy
 86970 | Tomb:2   | Noticed a royal mummy
 86971 | Tomb:2   | Noticed a royal mummy
 86973 | Tomb:2   | Noticed a royal mummy
 86990 | Tomb:2   | Killed a royal mummy
 87002 | Tomb:2   | Killed a royal mummy
 87003 | Tomb:2   | Killed a royal mummy
 87059 | Tomb:2   | Killed a royal mummy
 87185 | Tomb:3   | Entered Level 3 of the Tomb of the Ancients
 87241 | Tomb:3   | Noticed a royal mummy
 87242 | Tomb:3   | Noticed a royal mummy
 87245 | Tomb:3   | Killed a royal mummy
 87255 | Tomb:3   | Noticed a royal mummy
 87258 | Tomb:3   | Noticed a royal mummy
 87258 | Tomb:3   | Noticed a royal mummy
 87261 | Tomb:3   | Killed a royal mummy
 87264 | Tomb:3   | Noticed a royal mummy
 87272 | Tomb:3   | Killed a royal mummy
 87274 | Tomb:3   | Killed a royal mummy
 87281 | Tomb:3   | Killed a royal mummy
 87285 | Tomb:3   | Killed a royal mummy
 87320 | Tomb:3   | Identified the +1 scale mail of Liwus {rElec Str+4 SInv}
 87368 | Tomb:3   | Noticed a royal mummy
 87375 | Tomb:3   | Got a golden rune of Zot
 87378 | Tomb:3   | Killed a royal mummy
 87383 | Tomb:3   | Noticed a royal mummy
 87384 | Tomb:3   | Killed a royal mummy
 87961 | Zot:5    | Entered Level 5 of the Realm of Zot
 88491 | Zot:5    | Noticed an orb of fire
 88493 | Zot:5    | Killed an orb of fire
 88508 | Zot:5    | Noticed an orb of fire
 88510 | Zot:5    | Noticed a dread lich
 88510 | Zot:5    | Identified the amulet "Inot" {Spirit Drain rPois rN++}
 88511 | Zot:5    | Killed an orb of fire
 88513 | Zot:5    | Killed a dread lich
 88517 | Zot:5    | Reached skill level 27 in Fighting
 88519 | Zot:5    | Noticed an ancient lich
 88520 | Zot:5    | Killed an ancient lich
 88572 | Zot:5    | Noticed an orb of fire
 88573 | Zot:5    | Gained mutation: You are dopey. (Int -2) [an orb of fire]
 88574 | Zot:5    | Killed an orb of fire
 88579 | Zot:5    | Noticed an orb of fire
 88582 | Zot:5    | Gained mutation: You are frail. (-10% HP) [an orb of fire]
 88584 | Zot:5    | Killed an orb of fire
 88664 | Zot:5    | Lost mutation: Your magical capacity is low. (-10% MP)
                  | [potion of mutation]
 88664 | Zot:5    | Lost mutation: You are very weak. (Str -4) [potion of
                  | mutation]
 88664 | Zot:5    | Gained mutation: Armour fits poorly on your strangely
                  | shaped body. [potion of mutation]
 88664 | Zot:5    | Gained mutation: Your flesh is heat resistant. (rF+)
                  | [potion of mutation]
 88665 | Zot:5    | Lost mutation: Armour fits poorly on your strangely shaped
                  | body. [potion of mutation]
 88665 | Zot:5    | Lost mutation: You have large cloven feet. [potion of
                  | mutation]
 88665 | Zot:5    | Lost mutation: You are weak. (Str -2) [potion of mutation]
 88665 | Zot:5    | Gained mutation: Your magical capacity is low. (-10% MP)
                  | [potion of mutation]
 88665 | Zot:5    | Gained mutation: You have a pair of small horns on your
                  | head. [potion of mutation]
 88666 | Zot:5    | Lost mutation: You have a pair of small horns on your head.
                  | [potion of mutation]
 88666 | Zot:5    | Lost mutation: You are dopey. (Int -2) [potion of mutation]
 88666 | Zot:5    | Gained mutation: You are strong-willed. (Will+) [potion of
                  | mutation]
 88666 | Zot:5    | Gained mutation: You are resistant to electric shocks.
                  | (rElec) [potion of mutation]
 88669 | Zot:5    | Got the Orb of Zot
 88834 | Depths:4 | Noticed Odublific the pandemonium lord
 88839 | Depths:4 | Killed Odublific the pandemonium lord
 89234 | D:$      | Escaped with the Orb!

Illustrated notes

Levels and vault maps discovered:
D:1:      dpeg_arrival_three_same_balls, layout_basic
D:2:      layout_loops_ring, minmay_misc_feat_room, wad_floor_pattern_untrapped,
          st_stairs_9, minmay_misc_feat_plants, minmay_cut_off, uniq_terence,
          uniq_sigmund
D:3:      layout_basic, serial_shops, nicolae_square_shop, serial_glass,
          glass_columns_b, glass_columns_b, glass_columns_a, glass_columns_b,
          glass_columns_a, glass_columns_a, glass_columns_a, glass_columns_a,
          glass_columns_a, glass_columns_a, glass_columns_b, glass_columns_b,
          glass_columns_c, glass_columns_a, serial_bayou_pond_e, uniq_robin
D:4:      layout_basic
D:5:      layout_gridville, hex_tiny, small_statue_intersection, uniq_pikel
D:6:      layout_loops_corners, gup_sewer_entry_spiral,
          amcnicky_mini_pool_small, dreamdust_wishing_well,
          chequers_hall_statues_corner_a, uniq_eustachio
D:7:      nzn_winding_woodlands_small [nzn_winding_woodlands_5x15_pockets,
          nzn_winding_woodlands_center_garden, nzn_winding_woodlands_5x15_eye],
          layout_basic, temple_fountains, gammafunk_ghost_wrathful_warriors,
          nicolae_ossuary_entry_giza, chequers_decorated_corner
D:8:      layout_cave_pools
D:9:      layout_long_grid, erik_orc_4, serial_shops, nicolae_stop_n_shop_2,
          nicolae_shop_self_help, uniq_prince_ribbit1, uniq_gastronok,
          uniq_erolcha, uniq_maggie
D:10:     layout_loops_cross, grunt_temple_overflow_open, enter_bailey_2,
          uniq_fannar
D:11:     layout_rooms, erik_lair_orcish_takeover, gammafunk_ghost_cemetery,
          trog_three_pillars_becter
D:12:     layout_stronghold, nemelex_spade_bored_becter
D:13:     layout_big_octagon, david_vaults_1, gauntlet_entry_generic,
          yredelemnul_altar_generic
D:14:     layout_roguey, special_room [special_room_bee],
          dreamdust_princess_corridor, worldfamousw_hep_ancestral_shrine
D:15:     grunt_enter_depths_snipers, layout_gridville, uniq_louise
Temple:   sentei_temple_godly_chess
Lair:1:   gammafunk_indiana_jones, layout_regular_city, minmay_holes
Lair:2:   layout_roguey, skrybe_swamp_entry_bodies,
          minmay_snake_entry_six_corridors, enter_volcano_4,
          columned_hall_lemuel, serial_bayou_pond_a,
          grunt_forest_large_clearings
Lair:3:   layout_chaotic_city
Lair:4:   statuecave_lemuel, layout_regular_city, forest_entry_grove,
          serial_bayou_shore_b
Lair:5:   due_jungle_book, layout_loops_ring, minmay_slime_entry_oklob_open
Swamp:1:  layout_falls_marsh, evilmike_swamp_ruin_house_5, uniq_jorgrun,
          uniq_donald, uniq_frances
Swamp:2:  layout_basic_swamp, gammafunk_ghost_abyssal_escape,
          nicolae_swamp_big_swirl, cheibrodos_swamp_pet_leeches, uniq_roxanne
Swamp:3:  layout_basic_swamp, gammafunk_ghost_arena, nicolae_swamp_oxbows,
          swamp_pool4, infiniplex_staircase_pool_2
Swamp:4:  swamp_basic_johnstein, layout_basic_swamp
Snake:1:  layout_misc_corridors, serial_shops, nicolae_shop_waterfront,
          nicolae_snake_coiling_death, serial_bayou_shore_a
Snake:2:  layout_cave_shapes, evilmike_ambush [evilmike_ambush_outer_basic,
          evilmike_ambush_inner_basic], grunt_megastairs_2
Snake:3:  layout_grid_maze, st_stairs_13, uniq_bai_suzhen, uniq_aizul,
          uniq_vashnia
Snake:4:  minmay_snake_end_coiled, layout_chambers,
          nicolae_snake_serpentine_hallways, serial_bayou_pond_d,
          nicolae_snake_shapes
Slime:1:  layout_caves
Slime:2:  layout_caves
Slime:3:  layout_caves
Slime:4:  layout_caves
Slime:5
Orc:1:    layout_diamond_mine, nicolae_orc_tapped_out, uniq_josephine
Orc:2:    kennysheep_orc_mage_school, layout_diamond_mine, portal_ice_cave_rime,
          serial_shops, nicolae_shop_behind_doors, basic_altar,
          lightli_church_of_beogh, uniq_rupert, uniq_maurice
Elf:1:    elf_arrival_002, layout_loops_cross
Elf:2:    nicolae_elf_blades_crystal_corner, layout_onion_city,
          mu_enter_wizlab_5, serial_shops, nicolae_shop_statue_plus
Elf:3:    minmay_elf_hall_statues, layout_loops_cross
Vaults:1: hangedman_vaults_maws, v_pattern_2, nicolae_vaults_what_the_h,
          nicolae_vaults_diagonal_hallway_9, nicolae_vaults_circle_grid_b,
          nicolae_vaults_alarming, vaults_room_semicircle,
          vaults_room_grunt_arrival_ludios, v_misc_3, layout_vaults_big_room
Vaults:2: minmay_crypt_entry_simple_corners, v_misc_31,
          ontoclasm_vaults_decontamination, vaults_room_pools,
          st_quartered_hall, nicolae_vaults_big_angled_halls,
          hangedman_vaults_cutoff, grunt_vaults_focal, vaults_dpeg_cross,
          v_misc_27, v_misc_26, layout_vaults_ring, uniq_frederick
Vaults:3: vaults_standard_mumra_lines, ontoclasm_vaults_loading_screen,
          v_misc_29, nicolae_vaults_little_squares_5, hangedman_vaults_trim,
          vaults_room_fancy_cross, v_misc_9, hangedman_vaults_trim,
          layout_vaults_quadrants, serial_shops, nicolae_shop_waterfront
Vaults:4: v_misc_1, nicolae_vaults_big_ls, grunt_vaults_twisty,
          hangedman_vaults_unwind, vaults_standard_mumra_x,
          nicolae_vaults_border_crossing, grunt_tower_of_power,
          grunt_vaults_bifocal, vaults_room_ringed_pool, v_misc_8,
          nicolae_vaults_specimen_jars, v_misc_8, v_misc_23,
          layout_vaults_maze_bifur, serial_shops, nicolae_shop_window_shopping
Vaults:5: serial_shops
Crypt:1:  minmay_skeleton_keep, layout_chaotic_city, grunt_crypt_arrival_webbed,
          uniq_sojobo
Crypt:2:  layout_chaotic_city, st_stairs_1, grunt_megastairs_5
Crypt:3:  david_glass_crypt, layout_chaotic_city,
          nicolae_tomb_entry_unfolded_pyramid_diagonal, uniq_josephina,
          uniq_margery
Tomb:1
Tomb:2
Tomb:3
Depths:1: layout_cave_pools, rand_demon_pan_entry_4, hell_entry, zin_angel,
          serial_bayou_shore_b, uniq_nikola, uniq_enchantress
Depths:2: nicolae_terramorphic_expanse [nicolae_terramorphic_quarter,
          nicolae_terramorphic_quarter, nicolae_terramorphic_quarter,
          nicolae_terramorphic_quarter, nicolae_terramorphic_quarter,
          nicolae_terramorphic_biome, nicolae_terramorphic_biome,
          nicolae_terramorphic_biome, nicolae_terramorphic_biome],
          layout_honeycomb, enter_ziggurat_e, basic_altar,
          hangedman_tar_grid_catacomb, serial_glass, glass_columns_c,
          glass_columns_a, glass_columns_a, glass_columns_b,
          rand_demon_pan_entry_9, fedhas_altar_2, infiniplex_staircase_star,
          uniq_grunn
Depths:3: hangedman_cross_veins, layout_basic,
          nicolae_abyss_entry_one_way_or_another, hell_entry,
          kennysheep_nondescript
Depths:4: evilmike_zot_entry_argh, layout_cave_shapes, vehumet_crystals,
          abyss_entry, pf_dread_powers_of_hell
Hell
Dis:1:    layout_jigsaw
Dis:2:    layout_gridville
Dis:3:    layout_subdivisions, nicolae_dis_scattering
Dis:4:    nicolae_dis_pentagon_1, layout_gridville
Dis:5:    layout_gridville
Dis:6:    layout_subdivisions
Dis:7:    dis_st
Geh:1:    layout_gehenna_pools_box
Geh:2:    layout_gehenna_pools_box
Geh:3:    layout_gehenna_pools_basic, nicolae_hells_fiendish_ambush
Geh:4:    nicolae_geh_erupted_tower, layout_gehenna_lava_caves
Geh:5:    layout_gehenna_lava_caves
Geh:6:    layout_gehenna_lava_caves
Geh:7:    geh_old
Coc:1:    layout_cocytus_water_paths
Coc:2:    nicolae_coc_on_the_berg
Coc:3:    layout_ice_bergs
Coc:4:    layout_ice_bergs
Coc:5:    layout_cocytus_water_paths
Coc:6:    layout_ice_bergs
Coc:7:    coc_grunt_cove [coc_grunt_cove_antaeus, coc_grunt_cove_fiend,
          coc_grunt_cove_fiend, coc_grunt_cove_fiend, coc_grunt_cove_fiend]
Tar:1:    layout_grid_maze
Tar:2:    layout_cathedral_of_symmetry, nicolae_tar_cuneiform_city,
          nicolae_hells_hurtin_island
Tar:3:    layout_grid_maze
Tar:4:    layout_grid_maze, nicolae_tar_cuneiform_bird
Tar:5:    layout_grid_maze
Tar:6:    layout_grid_maze
Tar:7:    tar_grunt, tar_grunt_ereshkigal, tar_grunt_big_loot,
          tar_grunt_small_loot, tar_grunt_small_loot, tar_grunt_small_loot,
          tar_grunt_decor_3, tar_grunt_decor_6, tar_grunt_decor_1,
          tar_grunt_small_decor_pillar, tar_grunt_decor_3,
          tar_grunt_small_decor_pillar, tar_grunt_decor_cross_ortho,
          tar_grunt_small_decor_pillar, tar_grunt_decor_4,
          tar_grunt_decor_circle_5, tar_grunt_decor_circle_5,
          tar_grunt_small_decor_pillar, tar_grunt_small_decor_pillar,
          tar_grunt_small_decor_pillar, tar_grunt_small_decor_pillar
Zot:1:    layout_gridville, nicolae_rock_paper_scissors
Zot:2:    layout_twisted_circle, basic_altar
Zot:3:    hangedman_snap_crack_crunch, layout_cathedral_of_symmetry
Zot:4:    layout_basic
Zot:5:    layout_gridville

Skill      XL: |  1  2  3  4  5  6  7  8  9 10 11 12 13 14 15 16 17 18 19 20 21 22 23 24 25 26 27 |
---------------+----------------------------------------------------------------------------------+-----
Axes           | 2 3 4 7 |  7.7
Fighting       | 4 6 7 8 9 10 11 12 14 15 16 17 18 19 27 | 27.0
Unarmed Combat | 4 6 9 11 12 14 16 17 18 20 21 22 23 24 25 26 | 26.6
Shields        | 4 5 7 8 10 11 13 14 16 17 18 19 20 21 25 | 25.5
Dodging        | 4 5 13 | 13.3
Evocations     | 1 5 8 9 |  9.9
Transmutations | 5 8 11 14 16 17 18 19 | 19.9
Spellcasting   | 3 19 | 19.9
Earth Magic    | 3 5 9 13 16 19 | 19.9
Translocations | 3 5 7 9 |  9.9
Hexes          | 5 6 |  6.6
Necromancy     | 2 8 27 | 27.0
Air Magic      | 3 |  3.3
Stealth        | 3 |  3.3
Armour         | |  2.6

Action                   |  1- 3 |  4- 6 |  7- 9 | 10-12 | 13-15 | 16-18 | 19-21 | 22-24 | 25-27 || total
-------------------------+-------+-------+-------+-------+-------+-------+-------+-------+-------++-------
Melee: War axe           |   123 |   174 |   447 |   698 |       |       |       |       |       ||  1442
       Unarmed           |       |       |       |     5 |  1300 |  1445 |  1383 |  1399 |  3891 ||  9423
       Kick              |       |       |       |       |       |       |       |    26 |  1537 ||  1563
Throw: Stone             |    16 |    20 |     9 |     7 |       |       |       |       |       ||    52
       Dart              |       |     1 |     7 |    39 |    46 |       |       |       |       ||    93
       Throwing net      |       |     1 |       |       |       |       |       |       |       ||     1
       Boomerang         |       |       |       |    31 |    20 |    15 |     2 |       |       ||    68
       Javelin           |       |       |       |       |     8 |       |       |       |       ||     8
 Cast: Statue Form       |       |       |       |       |       |       |     5 |    82 |   244 ||   331
       Wereblood         |       |       |       |       |       |       |       |     1 |    25 ||    26
       Lesser Beckoning  |       |       |       |       |       |       |       |    26 |   248 ||   274
       Passwall          |       |       |       |       |       |       |       |     4 |    62 ||    66
       Apportation       |       |       |       |       |       |       |       |     6 |    33 ||    39
       Yara's Violent Un |       |       |       |       |       |       |       |       |    21 ||    21
       Borgnjor's Vile C |       |       |       |       |       |       |       |       |    82 ||    82
       Vhi's Electric Ch |       |       |       |       |       |       |       |       |    68 ||    68
       Manifold Assault  |       |       |       |       |       |       |       |       |     4 ||     4
Invok: Lunge             |       |       |       |     4 |   174 |   150 |   148 |   118 |   366 ||   960
       Whirlwind         |       |       |       |     3 |   193 |   246 |   376 |   426 |  1262 ||  2506
       Serpent's Lash    |       |       |       |       |    28 |    24 |    21 |    15 |    58 ||   146
       Heavenly Storm    |       |       |       |       |       |       |     1 |     2 |     9 ||    12
 Abil: Wall Jump         |       |       |       |       |    16 |    15 |     7 |     4 |    29 ||    71
       Evoke Invisibilit |       |       |       |       |       |     1 |       |       |       ||     1
       End Transformatio |       |       |       |       |       |       |       |    11 |    66 ||    77
Evoke: Wand              |       |     1 |     2 |    22 |    14 |    73 |     6 |    11 |    13 ||   142
       Phantom mirror    |       |       |       |     2 |     2 |     5 |     1 |       |       ||    10
       Condenser vane    |       |       |       |       |     1 |     4 |     6 |     5 |     8 ||    24
       Lightning rod     |       |       |       |       |       |     9 |     7 |       |       ||    16
       Tin of tremorston |       |       |       |       |       |     2 |    12 |    11 |     9 ||    34
       Phial of floods   |       |       |       |       |       |       |       |       |     1 ||     1
  Use: Scroll            |     2 |     1 |     6 |    16 |    23 |     9 |     3 |       |    36 ||    96
       Potion            |       |     3 |    10 |     4 |     4 |    24 |     7 |    10 |    53 ||   115
 Stab: Sleeping          |       |       |       |       |    11 |    25 |    23 |    15 |    50 ||   124
       Distracted        |       |       |       |       |     1 |     5 |     3 |     9 |    17 ||    35
       Invisible         |       |       |       |       |       |     7 |       |     4 |    11 ||    22
Armor: Scale mail        |    46 |       |       |       |       |       |       |       |       ||    46
       Ring mail         |    15 |    38 |   120 |   221 |   162 |   204 |   158 |       |       ||   918
       Skin              |       |     8 |       |       |       |    40 |    11 |   383 |  1003 ||  1445
       Steam dragon scal |       |       |    39 |    10 |       |       |       |       |       ||    49
       Leather armour    |       |       |       |       |    88 |       |       |       |       ||    88
       Robe              |       |       |       |       |       |       |       |     3 |    38 ||    41
Dodge: Dodged            |    63 |   117 |   316 |   494 |   402 |   300 |   159 |   377 |  1377 ||  3605
       Repelled          |       |       |       |       |     2 |       |       |       |       ||     2
Block: Buckler           |    42 |    38 |   107 |   239 |    74 |       |       |       |       ||   500
       Kite shield       |       |       |       |       |   343 |   623 |   613 |   833 |  2215 ||  4627
       Reflection        |       |       |       |       |       |     8 |    96 |    19 |    11 ||   134
       Tower shield      |       |       |       |       |       |       |       |       |     7 ||     7

Table legend: (Time is in decaauts)
 A = Elapsed time spent in this place.
 B = Non-inter-level travel time spent in this place.
 C = Inter-level travel time spent in this place.
 D = Time resting spent in this place.
 E = Time spent auto-exploring this place.
 F = Levels seen in this place.
 G = Mean time per level.
                   A        B        C        D        E       F      G
               +--------+--------+--------+--------+--------+-----+--------+
         Total |  96036 |  88344 |   7692 |  19789 |  27416 | 126 |  762.2 |
       Dungeon |  18262 |  15668 |   2594 |   3253 |   5986 |  15 | 1217.5 |
        Temple |      8 |      8 |      0 |      0 |      0 |   1 |    8.0 |
          Lair |   9770 |   8791 |    979 |   3119 |   3313 |   5 | 1954.0 |
         Swamp |   4966 |   4598 |    368 |   1462 |   1580 |   4 | 1241.5 |
     Snake Pit |   7844 |   7614 |    230 |   3249 |   2103 |   4 | 1961.0 |
    Slime Pits |    968 |    840 |    128 |    242 |      0 |   5 |  193.6 |
  Orcish Mines |   2927 |   2445 |    482 |    733 |    588 |   2 | 1463.5 |
   Elven Halls |   4390 |   4160 |    230 |    899 |   1746 |   3 | 1463.3 |
        Vaults |   8580 |   7675 |    905 |   1191 |   3890 |   5 | 1716.0 |
         Crypt |   4029 |   3653 |    376 |    666 |   1407 |   3 | 1343.0 |
          Tomb |   1509 |   1369 |    140 |      4 |      0 |   3 |  503.0 |
        Depths |   6404 |   5790 |    614 |    839 |   2749 |   4 | 1601.0 |
          Hell |    861 |    755 |    106 |      0 |    290 |   1 |  861.0 |
           Dis |   2545 |   2409 |    136 |    366 |    237 |   7 |  363.6 |
       Gehenna |   1950 |   1884 |     66 |    356 |    158 |   7 |  278.6 |
       Cocytus |   2114 |   2075 |     39 |    380 |     71 |   7 |  302.0 |
      Tartarus |   1987 |   1914 |     73 |    347 |      0 |   7 |  283.9 |
           Zot |   6369 |   6148 |    221 |   1545 |   2299 |   5 | 1273.8 |
         Abyss |    325 |    325 |      0 |      0 |     42 |   3 |  108.3 |
   Pandemonium |   6772 |   6772 |      0 |    318 |    915 |  20 |  338.6 |
      Ziggurat |    591 |    591 |      0 |     61 |     13 |   9 |   65.7 |
         Sewer |    149 |    149 |      0 |      0 |      0 |   1 |  149.0 |
       Ossuary |    498 |    498 |      0 |     75 |      0 |   1 |  498.0 |
        Bailey |    614 |    614 |      0 |    102 |      0 |   1 |  614.0 |
      Ice Cave |    424 |    424 |      0 |     47 |      0 |   1 |  424.0 |
        Wizlab |    536 |    536 |      0 |    190 |     25 |   1 |  536.0 |
      Gauntlet |    634 |    634 |      0 |    339 |      0 |   1 |  634.0 |
               +--------+--------+--------+--------+--------+-----+--------+

Top non-repeatable levels by time:
 Snake:4: 2831 daAuts
  Lair:5: 2823 daAuts
Depths:2: 2450 daAuts
   Orc:2: 2152 daAuts
   Elf:2: 2118 daAuts
  Lair:4: 2074 daAuts
  Lair:2: 1968 daAuts
Vaults:4: 1808 daAuts
Vaults:5: 1804 daAuts
  Lair:1: 1798 daAuts
 Snake:2: 1787 daAuts
Vaults:2: 1759 daAuts
   Zot:4: 1750 daAuts
 Snake:3: 1733 daAuts
Vaults:1: 1723 daAuts
